 Dungeon Crawl Stone Soup version 0.18-a0-1361-g9293dd1 (webtiles) character file.

647707 RobertPalmer the Thanatomancer (level 27, 35/181 (184) HPs)
             Began as a Deep Elf Chaos Knight on Oct 4, 2015.
             Quit the game on level 4 of the Realm of Zot on Feb 20, 2016.
             The game lasted 05:18:10 (79153 turns).

RobertPalmer the Thanatomancer (DECK)              Turns: 79153, Time: 05:18:11

HP:   35/181 (184)  AC: 26    Str: 10    XL:     27
MP:   29/43         EV: 23    Int: 32    God:    Xom [....*.]
Gold: 5638          SH: 10    Dex: 23    Spells: 9 memorised, 8 levels left

rFire  + + +     SeeInvis +     a - +8 autumn katana {slice, Clar}
rCold  + + .     Gourm    .     T - +3 ring mail of Enwepiupuegh {rPois rC++ MR++}
rNeg   + . .     Faith    .     x - +3 buckler {AC+3}
rPois  +         Spirit   .     g - +1 hat {SInv}
rElec  +         Dismiss  .     R - +2 cloak
rCorr  .         Reflect  .     Y - +2 pair of gloves
SustAt .         Harm     .     J - +2 pair of boots
MR     +++++     Clarity  +     B - amulet of Vitality {Regen+ HP+15}
Stlth  ++++++++..               d - ring "Fuejer" {rF+ MR++ Stlth+}
                                E - ring of Baagraomergh {rF+ rN+ Int+7}

@: death channel, regenerating, almost entirely resistant to hostile
enchantments, extraordinarily stealthy
A: beak, claws 1, talons 1, thin skeletal structure 1, berserk 1, blink, fire
resistance 1, magic resistance 2, poison resistance, electricity resistance,
strong 1, wild magic 1
a: Blink, Renounce Religion
}: 3/15 runes: serpentine, barnacled, silver


You were on level 4 of the Realm of Zot.
You worshipped Xom.
You were a beloved toy of Xom.
You were not hungry.

You visited 11 branches of the dungeon, and saw 58 of its levels.
You also visited: Labyrinth, Sewer, Ossuary, Ice Cave and Volcano.

You collected 10813 gold pieces.
You spent 3434 gold pieces at shops.

Inventory:

Hand Weapons
 a - the +8 autumn katana (weapon) {slice, Clar}
   (You found it on level 3 of the Elven Halls)

   It inflicts extra damage upon your enemies.
   It protects you against confusion.
Missiles
 I - 9 throwing nets {=f, !d}
Armour
 g - a +1 hat of see invisible (worn)
   (You acquired it on level 4 of the Realm of Zot)
 i - the +14 chain mail of Wolamp {Int+4}
   (You found it on level 3 of the Realm of Zot)

   It affects your intelligence (+4).
 x - a +3 buckler of protection (worn)
   (You bought it in a shop on level 3 of the Vaults)
 J - a +2 pair of boots (worn)
   (You found it on level 8 of the Dungeon)
 R - a +2 cloak (worn)
   (You took it off a draconian monk on level 2 of the Depths)
 T - the +3 ring mail of Enwepiupuegh (worn) {rPois rC++ MR++}
   (You found it on level 12 of the Dungeon)

   It greatly protects you from cold.
   It protects you from poison.
   It affects your resistance to hostile enchantments.
 Y - a +2 pair of gloves (worn)
   (You found it on level 12 of the Dungeon)
Jewellery
 d - the ring "Fuejer" (right hand) {rF+ MR++ Stlth+}
   (You found it on level 2 of the Vaults)

   [ring of protection from fire]

   It protects you from fire.
   It affects your resistance to hostile enchantments.
   It makes you more stealthy.
 j - an uncursed amulet of harm
   (Xom gifted it to you on level 3 of the Realm of Zot)
 r - a +0 amulet of reflection {Stasis, !d}
   (You found it on level 3 of the Crypt)
 v - an uncursed amulet of dismissal {Ward, rN+, !d}
   (You took it off a yaktaur on level 5 of the Vaults)
 y - the ring "Vaowk" {SustAt SInv}
   (You found it on level 2 of the Depths)

   [ring of sustain attributes]

   It sustains your strength, intelligence and dexterity.
   It lets you see invisible.
 B - the amulet of Vitality (around neck) {Regen+ HP+15}
   (You found it on level 3 of the Depths)

   [amulet of regeneration]

   It affects your health (+15).
   It increases your rate of regeneration.
 E - the ring of Baagraomergh (left hand) {rF+ rN+ Int+7}
   (You found it on level 3 of the Elven Halls)

   [ring of positive energy]

   It affects your intelligence (+7).
   It protects you from fire.
   It protects you from negative energy.
 F - an uncursed amulet of nothing {rMut, !d}
   (You found it on level 2 of the Shoals)
 Q - an uncursed amulet of magic regeneration {rCorr, !d}
   (You found it on level 4 of the Shoals)
 X - an uncursed amulet of harm {Clar, !d}
   (You bought it in a shop on level 2 of the Elven Halls)
Wands
 e - a wand of heal wounds (0/9)
   (You took it off Grinder on level 4 of the Dungeon)
 l - a wand of teleportation (0/9)
   (You found it on level 4 of the Depths)
 D - a wand of digging (9/24)
   (You found it on level 4 of the Vaults)
 M - a wand of hasting (2/9)
   (You took it off a salamander on level 1 of the Snake Pit)
 S - a wand of heal wounds (0/9)
   (Xom gifted it to you on level 3 of the Elven Halls)
 V - a wand of teleportation (6/9)
   (You found it on level 8 of the Lair of Beasts)
Scrolls
 k - 9 scrolls of magic mapping {!r}
 m - a scroll of summoning
 o - 6 scrolls of fear
 p - 10 scrolls of amnesia
 s - 6 scrolls of enchant weapon
 A - 23 scrolls of remove curse
 C - 5 scrolls of enchant armour
 H - 2 scrolls of brand weapon
 L - 2 scrolls of fog
 Z - 2 scrolls of teleportation
Potions
 f - 7 potions of magic
 h - 4 potions of agility
 n - 11 potions of brilliance
 u - 16 potions of curing
 z - 3 potions of resistance
 K - a potion of invisibility
 O - 6 potions of berserk rage {!q}
 P - 6 potions of might
 U - 2 potions of cancellation
Books
 b - a book of Enchantments
   (You found it on level 5 of the Vaults)
 N - a Necronomicon
   (You found it on level 1 of the Shoals)
 W - a book of the Warp
   (You found it on level 5 of the Vaults)
Miscellaneous
 q - a plain deck of defence {the Blade}
   (You found it on level 1 of the Realm of Zot)
 G - a phantom mirror
Comestibles
 c - 17 bread rations {@e1}
 t - 14 meat rations {@e2}
 w - 63 fruits


   Skills:
 + Level 19.5 Fighting
   Level 12.0(14.1) Short Blades
 - Level 11.7(13.4) Long Blades
 - Level 14.2 Armour
 - Level 14.3 Dodging
 - Level 17.9 Stealth
 - Level 6.8 Shields
 - Level 14.7 Spellcasting
 - Level 4.0 Conjurations
 - Level 5.8 Hexes
 - Level 9.4 Charms
 - Level 21.7 Necromancy
 - Level 17.0 Transmutations
 - Level 17.6 Earth Magic


You had 8 spell levels left.
You knew the following spells:

 Your Spells              Type           Power        Failure   Level  Hunger
a - Dispel Undead         Necr           ########     1%          5    None
c - Death Channel         Necr           ########..   1%          6    ###....
d - Repel Missiles        Chrm/Air       ######       3%          2    None
e - Iron Shot             Conj/Erth      #######...   16%         6    ###....
f - Necromutation         Trmt/Necr      ########..   19%         8    ######.
h - Haste                 Chrm           #######.     22%         6    ###....
r - Regeneration          Chrm/Necr      ########..   1%          3    None
z - Spectral Weapon       Hex/Chrm       #######.     2%          3    None
R - Borgnjor's Revivific  Necr           ########..   9%          8    ######.


Dungeon Overview and Level Annotations

Branches:
Dungeon (15/15)            Temple (0/1) D:7            Lair (8/8) D:11
 Shoals (4/4) Lair:6        Snake (4/4) Lair:4        Slime (3/6) Lair:6
    Orc (4/4) D:10            Elf (3/3) Orc:3        Vaults (5/5) D:13
  Crypt (3/3) Vaults:3       Tomb (0/3) Crypt:3      Depths (5/5) D:15
    Zot (4/5) Depths:5

Altars:
Ashenzari
Cheibriados
Dithmenos
Fedhas
Gozag
Okawaru
Qazlal
Ru
Xom
Yredelemnul
Jiyva
Lugonu

Shops:
D:5 ?   D:10 *   D:13 *   D:14 :   D:15 (*   Orc:2 *   Orc:4 [[!}   Elf:1 !
Elf:2 =(   Vaults:2 =   Vaults:3 }[([

Portals:
Hell: Depths:1 Depths:2* Depths:3 Depths:4 Depths:5
Abyss: Depths:1 Depths:2 Depths:3 Depths:4 Depths:5
Pandemonium: Depths:3 Depths:4
Ziggurat: Depths:4
Trove: Vaults:1 (give 15 scrolls of teleportation)

Annotations:
Lair:4 exclusion: 4 oklob plants
Slime:2 exclusion: azure jelly
Elf:1 exclusion: Roxanne, Roxanne


Innate Abilities, Weirdness & Mutations

You have a beak for a mouth.
You have sharp fingernails.
You have sharp toenails.
You have a somewhat thin skeletal structure (Dex +2, Stealth).
You tend to lose your temper in combat.
You can translocate small distances at will.
Your flesh is heat resistant.
You are highly resistant to hostile enchantments.
Your system is resistant to poisons.
You are resistant to electric shocks.
Your muscles are strong. (Str +2)
Your spells are a little harder to cast, but a little more powerful.


Message History

You hit the purple draconian monk. You peck the purple draconian monk.
Your spectral draconian hits the white draconian but does no damage.
Your spectral green draconian closely misses the red draconian zealot.
Your spectral green draconian tail-slaps the red draconian zealot.
The red draconian zealot calls down the wrath of its god upon you.
Something smites you!
A green draconian scorcher comes into view.
It is wielding a long sword.
You take 10 damage, and have 66/181 hp.
You draw out your weapon's spirit!
You block the green draconian's attack.
Your spectral draconian hits the white draconian.
The purple draconian monk breathes dispelling energy at you.
The bolt of dispelling energy misses you.
The fire dragon bites your spectral green draconian!
The fire dragon claws your spectral green draconian.
The fire dragon tramples your spectral green draconian but does no damage.
Your spectral green draconian hits the fire dragon!
Your spectral green draconian closely misses the fire dragon.
The red draconian zealot mumbles some strange prayers to its god against you.
Something smites you!
You take 11 damage, and have 55/181 hp.
You now have 28/43 mp.
You slash the purple draconian monk!
Your peck misses the purple draconian monk.
Your spectral weapon hits the purple draconian monk!!
You block the white draconian's attack.
Your spectral draconian hits the white draconian!
The green draconian misses you.
You catch the helpless purple draconian monk momentarily off-guard.
You slice the purple draconian monk!!
Your spectral weapon hits the purple draconian monk.
The fire dragon bites your spectral green draconian.
The fire dragon claws your spectral green draconian but does no damage.
The fire dragon tramples your spectral green draconian.
Your spectral green draconian holds its ground!
The purple draconian monk closely misses your spectral weapon.
The purple draconian monk completely misses your spectral weapon.
The purple draconian monk tail-slaps your spectral weapon.
Your spectral weapon shares its damage with you!
Your spectral green draconian hits the fire dragon but does no damage.
Your spectral green draconian tail-slaps the fire dragon but does no damage.
You block the white draconian's attack.
You catch the helpless purple draconian monk momentarily off-guard.
You slice the purple draconian monk!!
You kill the purple draconian monk!
A glowing mist starts to gather...
Something misses the green draconian scorcher.
Your spectral draconian hits the white draconian but does no damage.
The fire dragon completely misses your spectral green draconian.
The fire dragon claws your spectral green draconian.
The fire dragon barely misses your spectral green draconian.
Your spectral green draconian hits the fire dragon!
Your spectral green draconian drains the fire dragon!
Your spectral green draconian completely misses the fire dragon.
The green draconian hits you from afar with a halberd!
* * * LOW HITPOINT WARNING * * *
You take 7 damage, and have 49/181 hp.
You slice the white draconian!!
The red draconian zealot invokes the aid of its god against you.
Something smites you!
* * * LOW HITPOINT WARNING * * *
The white draconian hits you with a short sword!
* * * LOW HITPOINT WARNING * * *
Your spectral weapon hits the white draconian!
You take 15 damage, and have 34/181 hp.
You slice the white draconian!!
You peck the white draconian, but do no damage.
Your spectral weapon hits the white draconian!!
You kill the white draconian!
A glowing mist starts to gather...
Your spectral draconian hits the red draconian zealot but does no damage.
Something hits the green draconian scorcher but does no damage.
You hear a distant "Zot"!
The fire dragon barely misses your spectral green draconian.
The fire dragon claws your spectral green draconian.
The fire dragon tramples your spectral green draconian.
Your spectral green draconian holds its ground!
Your spectral green draconian hits the fire dragon.
Your spectral green draconian drains the fire dragon! x2
Your spectral green draconian closely misses the fire dragon.
The red draconian zealot completely misses your spectral weapon.
The green draconian misses you.
Unknown command.
You swap places.
The neqoxec gestures at you.
Something tries to feed on your intellect!
Your spectral draconian hits the red draconian zealot but does no damage.
Your spectral green draconian hits the yellow draconian annihilator.
Your spectral green draconian tail-slaps the yellow draconian annihilator but does no damage.
The green draconian scorcher moves out of view.
Unknown command.
The red draconian zealot hits your spectral weapon with a flail.
Your spectral weapon shares its damage with you!
* * * LOW HITPOINT WARNING * * *
The green draconian hits your spectral white draconian with a halberd!
The green draconian tail-slaps your spectral white draconian.
The neqoxec hits your spectral white draconian!
Your spectral draconian hits the red draconian zealot but does no damage.
Your spectral green draconian barely misses the yellow draconian annihilator.
Your spectral green draconian tail-slaps the yellow draconian annihilator but does no damage.
Your spectral white draconian hits the red draconian zealot but does no damage.
You take 1 damage, and have 35/181 hp. [...... ........# ........# ....)...### § #### ..........## §§ ###... ............ ##§ #..... qq.##.....# 3}# #..... ^dy.....#### #♣## ...##♣#..... ykd.........

#@)##'''##..#.....
d#......#...
#Z(Zd3q.....#..###
###.$...#
##Zq3......##.## #
......#
####Z..####.##
#.d....#
#..##q##...##
.X.......
#..!.D....##
...........
...........##
...........
....(.......#
....(.......#


You could see a green draconian, a red draconian zealot, a yellow draconian
annihilator, a green draconian scorcher, a sun demon, a neqoxec, a friendly
spectral green draconian, a friendly spectral white draconian, a friendly
spectral draconian, a friendly spectral draconian and a friendly spectral autumn
katana {slice, Clar}.

Vanquished Creatures
  An ancient lich (Vaults:5)
  Mennas (Depths:3)
  3 greater mummies (Depths:3)
  Boris (Crypt:1)
  2 caustic shrikes (Depths:4)
  8 golden dragons
  A bone dragon (Crypt:3)
  A profane servitor (Crypt:3)
  9 tentacled monstrosities
  2 liches (Crypt:3)
  Rupert (Orc:2)
  A shard shrike skeleton (Crypt:2)
  2 quicksilver dragons (Vaults:5)
  5 titans
  4 deep elf blademasters
  3 acid blobs
  5 death cobs
  4 deep elf master archers (Elf:3)
  11 sphinxes
  6 storm dragons
  A removed MONS_OCTOPODE_CRUSHER (Depths:5)
  4 shadow dragons (Vaults:5)
  3 ancient champions
  Kirke (Shoals:3)
  3 tengu reavers
  5 draconian monks
  2 revenants
  3 greater nagas
  3 azure jellies
  Wiglaf (Depths:1)
  4 fire giants
  7 frost giants
  11 vault wardens
  7 deep elf sorcerers
  An iron dragon (Zot:1)
  3 draconian knights
  3 draconian scorchers
  Aizul (Snake:3)
  A frost giant (shapeshifter) (Vaults:5)
  A draconian zealot (Depths:5)
  5 curse skulls
  5 draconian shifters
  A ghost moth (Zot:2)
  9 ghouls (Crypt:3)
  2 emperor scorpions
  A draconian annihilator (Zot:2)
  2 war gargoyles (Vaults:5)
  11 stone giants
  14 ironheart preservers
  8 very ugly things
  A lorocyproca (Depths:4)
  4 draconian callers
  8 green draconians
  7 deep elf demonologists
  A vampire knight (Depths:4)
  A yellow draconian (Zot:4)
  6 deep elf annihilators
  A dire elephant (Vaults:5)
  A salamander stormcaller (Vaults:3)
  10 black draconians
  2 purple draconians (Zot:1)
  2 red draconians (Zot:2)
  5 mottled draconians
  2 white draconians
  18 deep elf death magi
  An ettin (shapeshifter) (Vaults:5)
  12 ettins
  4 merfolk javelineers
  7 eidola
  2 quicksilver dragon zombies
  A crystal guardian (Vaults:4)
  4 mummy priests
  3 jiangshi
  The ghost of Ajdolov the Bludgeoner, a journeyman OgBe of Trog (D:9)
  20 vault guards
  5 death oozes (Depths:2)
  Josephine (D:12)
  A great orb of eyes (shapeshifter) (D:15)
  17 fire dragons
  2 merfolk impalers (Shoals:4)
  3 deep elf high priests
  9 yaktaur captains
  A rakshasa (Depths:4)
  13 ice dragons
  7 hydras
  Harold (Orc:3)
  12 great orbs of eyes
  2 entropy weavers
  The ghost of Ajdolov the Bludgeoner, a novice OgBe of Trog (D:10)
  11 naga warriors
  5 catoblepae
  A spriggan air mage (Depths:4)
  Erolcha (D:8)
  2 alligator snapping turtles
  5 death knights
  10 centaur warriors
  A merfolk avatar (Shoals:4)
  14 dancing weapons (Elf:2)
  13 ogre magi
  2 merfolk aquamancers
  9 anacondas
  11 deep troll shamans
  2 satyrs
  8 death yaks
  4 spriggan berserkers
  A tengu warrior (Depths:1)
  3 shock serpents
  4 orc high priests
  4 vampire magi
  8 deep troll earth magi
  3 titan zombies
  Urug (Orc:1)
  2 storm dragon zombies
  A fire crab (Vaults:4)
  5 naga sharpshooters
  4 hell hogs (Depths:1)
  A spriggan (Depths:4)
  2 iron trolls
  17 skeletal warriors
  6 sea snakes
  4 ice devils (IceCv)
  2 salamander mystics (Snake:2)
  A storm dragon skeleton (Crypt:1)
  22 deep elf knights
  5 flayed ghosts
  2 golden dragon zombies
  6 unseen horrors
  2 shadow wraiths
  37 deep trolls
  17 removed MONS_DEEP_ELF_SUMMONERs
  2 shadow dragon zombies (Crypt:3)
  2 death drakes (Depths:2)
  2 ice statues
  3 swamp dragons
  7 harpies
  8 naga ritualists
  A sphinx zombie (Crypt:1)
  19 phantasmal warriors
  Pikel (D:5)
  3 giant orange brains
  A lindwurm (Depths:2)
  2 gelid demonspawn (Depths:4)
  A harpy (shapeshifter) (Depths:1)
  30 removed MONS_DEEP_ELF_CONJURERs
  A tengu zombie (Vaults:4)
  8 orc knights
  A lindwurm (shapeshifter) (Vaults:5)
  3 griffons
  19 ironbrand convokers
  A shining eye (Slime:1)
  3 necromancers
  36 ugly things
  3 orc sorcerers
  2 shadow dragon skeletons
  7 wolf spiders
  8 hill giants
  A water nymph (Shoals:3)
  A sphinx skeleton (Vaults:1)
  3 wizards
  2 iron dragon zombies
  5 manticores
  An elephant (D:11)
  A hornet (Vaults:3)
  A faun (Shoals:1)
  A sixfirhy (Depths:4)
  6 cyclopes
  32 black mambas
  A guardian serpent (shapeshifter) (Vaults:3)
  A stone giant skeleton (Crypt:2)
  17 moths of wrath
  8 mana vipers
  13 salamanders
  Maurice (D:8)
  2 fire giant skeletons
  A guardian serpent (Snake:4)
  2 eyes of devastation (Slime:2)
  A black mamba (shapeshifter) (Elf:1)
  19 vault sentinels
  Psyche (D:8)
  2 gargoyles
  A frost giant skeleton (Crypt:2)
  A torpor snail (Elf:1)
  A smoke demon (Depths:4)
  3 centaur skeletons
  17 naga magi
  66 yaktaurs
  A small abomination (Elf:3)
  An emperor scorpion zombie (Crypt:1)
  14 spiny frogs
  A fire drake (shapeshifter) (Elf:1)
  6 komodo dragons
  An anaconda simulacrum (IceCv)
  2 efreet (D:15)
  4 kobold demonologists
  19 two-headed ogres
  22 freezing wraiths
  A polar bear (shapeshifter) (Depths:3)
  A troll (shapeshifter) (Elf:1)
  20 removed MONS_DEEP_ELF_PRIESTs
  A harpy zombie (Crypt:3)
  2 guardian mummies
  A red devil (Depths:4)
  3 hydra zombies (Crypt:3)
  A fire drake (Depths:2)
  A polar bear (Lair:5)
  12 merfolk
  8 trolls
  A removed MONS_BLUE_DEVIL (IceCv)
  Grinder (D:4)
  A wind drake (shapeshifter) (Elf:3)
  Prince Ribbit (D:8)
  A wind drake (Shoals:1)
  3 boulder beetles
  3 fire dragon zombies (Crypt:3)
  47 slime creatures
  2 ice dragon zombies (Crypt:3)
  6 snapping turtles
  5 flying skulls (Crypt:2)
  5 jumping spiders
  2 ettin zombies
  25 orc warriors
  10 blink frogs
  2 snapping turtles (shapeshifter)
  37 deep elf magi
  3 shadows
  14 redbacks
  A black mamba zombie (Crypt:1)
  3 tarantellas
  A griffon skeleton (Crypt:1)
  An ice dragon skeleton (Depths:1)
  A redback (shapeshifter) (Depths:2)
  2 dire elephant simulacra (IceCv)
  3 water elementals
  16 wraiths
  43 removed MONS_DEEP_ELF_FIGHTERs
  A hungry ghost (D:6)
  A human (shapeshifter) (Depths:4)
  A fire bat (shapeshifter) (Vaults:5)
  42 yaks
  2 basilisks
  2 vampire mosquitoes (D:14)
  A hog (Shoals:3)
  2 vampires
  23 water moccasins
  3 hydra simulacra (IceCv)
  An iron troll simulacrum (IceCv)
  5 mottled dragons
  A putrid demonspawn zombie (Crypt:2)
  11 hippogriffs
  6 wolves (Lair:3)
  A steam dragon (Lair:7)
  44 nagas
  7 wargs
  4 harpy simulacra (IceCv)
  6 hell hounds (Depths:1)
  A gelid demonspawn skeleton (Crypt:1)
  A faun zombie (Crypt:1)
  7 porcupines
  A swamp drake (Depths:2)
  2 ettin simulacra (IceCv)
  8 ice beasts
  2 spiders
  7 wasps
  14 necrophages
  5 black bears
  3 eyes of draining
  15 centaurs
  14 crocodiles
  A slave (D:5)
  2 boggarts (Depths:2)
  56 ogres
  4 phantoms
  31 giant frogs
  2 gnoll sergeants
  A removed MONS_BRAIN_WORM (D:11)
  A big kobold (shapeshifter) (Elf:2)
  6 big kobolds
  6 scorpions
  10 killer bees
  A water moccasin skeleton (D:6)
  A warg skeleton (Crypt:2)
  13 wyvern skeletons (Crypt:3)
  A spriggan zombie (Crypt:1)
  18 wights
  5 crimson imps
  21 orc priests
  2 quasits
  2 centaur zombies
  2 electric eels (Elf:3)
  16 jellies
  2 draconian simulacra (IceCv)
  A human zombie (Ossuary)
  12 iguanas
  A human skeleton (Crypt:2)
  11 hounds
  7 giant frog skeletons
  3 iron imps
  27 orc wizards
  10 worker ants
  A spriggan simulacrum (IceCv)
  3 troll simulacra (IceCv)
  A wolf simulacrum (IceCv)
  A dwarf zombie (Crypt:2)
  42 sheep
  3 big kobold zombies (Ossuary)
  An ogre zombie (Crypt:2)
  A big kobold skeleton (Crypt:1)
  6 hound zombies
  2 hound skeletons
  8 mummies
  11 gnolls
  3 worker ant zombies
  12 adders
  56 river rats
  2 ogre simulacra (IceCv)
  3 naga simulacra (IceCv)
  5 shadow imps
  6 white imps
  4 oozes
  4 adder zombies
  4 worms
  An adder skeleton (D:6)
  8 giant geckos
  149 orcs
  4 ball pythons
  10 bats
  A bat skeleton (Crypt:2)
  14 giant cockroaches
  7 hobgoblins
  18 jackals
  5 quokkas
  11 giant newts
  4 gnoll zombies
  6 goblins
  4 goblin zombies (Ossuary)
  3 hobgoblin zombies (Ossuary)
  2 jackal zombies (Ossuary)
  10 kobolds
  A kobold zombie (Ossuary)
  4 orc zombies
  6 quokka zombies (Ossuary)
  12 rats
  2 rat zombies (Ossuary)
  A river rat skeleton (Crypt:1)
  2 crawling corpses
  2 fungi
  6 lost souls
  A plant (Shoals:3)
2393 creatures vanquished.

Vanquished Creatures (collateral kills)
  A caustic shrike (shapeshifter) (Vaults:5)
  2 golden dragons
  Nikola (Depths:2)
  Jory (Vaults:5)
  3 tentacled monstrosities
  A lich (Vaults:5)
  3 titans (Vaults:5)
  A quicksilver dragon (Depths:4)
  A deep elf master archer (Elf:3)
  3 removed
  MONS_OCTOPODE_CRUSHERs (Depths:5)
  A death cob (Zot:2)
  3 sphinxes
  2 tengu reavers
  2 shadow dragons (Depths:5)
  A storm dragon (Vaults:5)
  5 greater nagas
  2 draconian knights
  3 fire giants
  A draconian scorcher (Zot:1)
  2 iron dragons
  2 deep elf sorcerers (Vaults:5)
  A draconian shifter (Zot:2)
  A frost giant (Vaults:5)
  2 vault wardens (Vaults:5)
  5 ironheart preservers
  A very ugly thing (Depths:1)
  6 stone giants
  A draconian annihilator (Zot:1)
  A war gargoyle (Vaults:5)
  A deep elf demonologist (Vaults:5)
  3 black draconians
  2 deep elf annihilators
  2 green draconians
  2 red draconians (Zot:1)
  A salamander stormcaller (Vaults:5)
  A purple draconian (Depths:5)
  6 ettins
  A white draconian (Zot:1)
  A minotaur (Lab)
  Snorg (Orc:1)
  2 mummy priests (Depths:3)
  A merfolk javelineer (Depths:5)
  7 vault guards (Vaults:5)
  The ghost of Ajdolov the Basher, a journeyman OgBe of Trog (D:11)
  5 merfolk impalers (Shoals:4)
  3 fire dragons
  5 yaktaur captains
  A deep elf high priest (Depths:5)
  A jiangshi (Depths:1)
  4 entropy weavers
  A great orb of eyes (Depths:2)
  4 naga warriors
  6 ice dragons
  7 ogre magi
  3 hydras
  A spriggan air mage (Depths:4)
  2 anacondas
  2 merfolk avatars
  3 merfolk aquamancers
  2 centaur warriors
  An alligator snapping turtle (Shoals:4)
  A death yak (Lair:5)
  A tengu warrior (Depths:1)
  A satyr (Shoals:3)
  3 shock serpents
  A dancing weapon (Elf:2)
  A hell knight (Depths:5)
  2 spriggan berserkers
  3 deep troll earth magi
  3 naga sharpshooters
  3 deep elf knights
  A deep troll shaman (Depths:3)
  2 sea snakes (Shoals:4)
  An iron troll (Depths:5)
  2 salamander mystics
  A lindwurm (shapeshifter) (Depths:2)
  2 naga ritualists
  3 orc knights (Orc:4)
  4 ironbrand convokers
  A harpy (Shoals:3)
  A golden dragon skeleton (Depths:2)
  5 deep trolls
  A phantasmal warrior (Crypt:3)
  4 necromancers
  4 removed MONS_DEEP_ELF_CONJURERs
  A wolf spider (Crypt:3)
  4 moths of wrath
  3 water nymphs (Shoals:3)
  An orc sorcerer (Orc:4)
  5 ugly things
  4 manticores
  2 vault sentinels (Vaults:5)
  A cyclops (Vaults:2)
  A sphinx skeleton (Vaults:1)
  10 black mambas
  A salamander (Snake:2)
  6 fauns (Shoals:1)
  6 mana vipers
  2 griffons
  2 sirens (Shoals:3)
  A centaur zombie (D:10)
  A torpor snail (Lair:5)
  6 naga magi
  A spiny frog (shapeshifter) (Depths:5)
  2 spiny frogs
  16 yaktaurs
  An elf skeleton (Depths:2)
  A human zombie (Vaults:1)
  A troll (Orc:4)
  3 fire drakes
  A komodo dragon (Lair:6)
  A freezing wraith (Vaults:4)
  A wind drake (Shoals:1)
  2 guardian mummies (Depths:3)
  2 removed MONS_DEEP_ELF_PRIESTs
  A two-headed ogre (shapeshifter) (Vaults:5)
  12 merfolk
  A raiju (shapeshifter) (Vaults:5)
  9 two-headed ogres
  4 jumping spiders
  An alligator zombie (Crypt:1)
  2 boulder beetles
  3 snapping turtles (Shoals:3)
  A tarantella (Depths:3)
  2 redbacks (shapeshifter) (Depths:1)
  2 air elementals (Depths:4)
  2 deep elf magi
  A fire giant simulacrum (Depths:1)
  13 water elementals
  A spriggan skeleton (Depths:2)
  8 redbacks
  3 spriggans (Depths:4)
  9 yaks
  A hippogriff (Shoals:1)
  A human simulacrum (Vaults:4)
  11 removed MONS_DEEP_ELF_FIGHTERs
  2 wargs
  A water moccasin (Lair:8)
  15 nagas
  5 centaurs
  A swamp drake (Depths:2)
  A spider (Crypt:3)
  3 orc warriors
  2 boggarts (Depths:2)
  16 ogres
  2 wasps (Depths:4)
  A giant frog (Lair:4)
  An elf zombie (Ossuary)
  An electric eel (Elf:3)
  A crimson imp (D:13)
  A jelly (Depths:2)
  4 orc priests
  An iguana (Lair:5)
  9 orc wizards
  A sheep (Lair:6)
  4 gnolls (Orc:4)
  5 river rats
  A white imp (Depths:4)
  An ooze (Depths:2)
  33 orcs
  A giant cockroach (Zot:1)
  A hobgoblin zombie (Ossuary)
  A jackal zombie (Ossuary)
  A kobold zombie (Ossuary)
  A quokka zombie (Ossuary)
  A butterfly (Lair:8)
  A fungus (Lair:8)
  9 plants (Shoals:3)
  A spectral weapon (Shoals:4)
499 creatures vanquished.

Vanquished Creatures (others)
  A Killer Klown (Zot:4)
  A lich (Vaults:3)
  An eldritch tentacle (Crypt:3)
  A tengu reaver (Vaults:4)
  A storm dragon (Vaults:5)
  A frost giant (Vaults:5)
  A draconian knight (Depths:5)
  A war gargoyle (Vaults:5)
  A monstrous demonspawn (Elf:1)
  A fire dragon (Zot:1)
  A vault guard (Vaults:5)
  A deep elf high priest (Elf:3)
  A deep troll shaman (Depths:5)
  5 dancing weapons
  A putrid demonspawn (Crypt:1)
  A water nymph (Shoals:3)
  3 ball lightnings (Depths:2)
  A fire drake (Depths:2)
  A merfolk (Shoals:1)
  A deep elf mage (Vaults:5)
  A hog (Shoals:3)
  4 humans (Shoals:3)
  A naga (Vaults:5)
  A swamp drake (D:6)
  A porcupine (Lair:6)
  A slave (D:5)
  An ogre (Vaults:5)
  2 sheep (Lair:6)
  An adder (D:5)
  3 white imps (IceCv)
  3 ufetubi (IceCv)
  4 orcs
  A jackal (D:6)
  A kobold (D:12)
  A bush (Lair:1)
  109 eldritch tentacle segments (Crypt:3)
  2 fire vortices (D:8)
  18 fungi
  4 lost souls (Crypt:3)
  22 plants
  86 spectral weapons
293 creatures vanquished.

Grand Total: 3185 creatures vanquished

Notes
Turn   | Place    | Note
--------------------------------------------------------------
     0 | D:1      | RobertPalmer the Deep Elf Chaos Knight began the quest for the Orb.
     0 | D:1      | Reached XP level 1. HP: 13/13 MP: 3/3
   351 | D:1      | Reached XP level 2. HP: 18/18 MP: 4/4
   572 | D:1      | XOM: divination: detect items
   782 | D:1      | Reached skill level 4 in Short Blades
   807 | D:1      | XOM: divination: detect creatures
   990 | D:2      | Reached XP level 3. HP: 22/22 MP: 5/5
  1589 | D:2      | XOM: mild Hex miscast
  1797 | D:2      | XOM: confuse monster(s)
  1938 | D:2      | Reached XP level 4. HP: 27/27 MP: 6/6
  2155 | D:2      | Reached skill level 5 in Short Blades
  2309 | D:3      | XOM: harmless Chrm miscast
  2455 | D:3      | Found an opulent altar of Gozag.
  2455 | D:3      | Found a snail-covered altar of Cheibriados.
  2580 | D:3      | XOM: divination: magic mapping
  2609 | D:3      | Reached XP level 5. HP: 14/31 MP: 7/7
  2636 | D:3      | XOM: divination: magic mapping
  2977 | D:3      | Found a basalt altar of Yredelemnul.
  3146 | D:4      | Noticed an ogre
  3150 | D:4      | XOM: divination: detect items
  3249 | D:4      | Reached skill level 6 in Short Blades
  3286 | D:4      | XOM: enchant monster (bad)
  3287 | D:4      | HP: 7/31 [gnoll/club (6)]
  3539 | D:4      | Noticed a centaur
  3548 | D:4      | Killed a centaur
  3548 | D:4      | Reached XP level 6. HP: 11/36 MP: 8/8
  3555 | D:4      | XOM: mild Divn miscast
  3674 | D:4      | XOM: vitrification
  3816 | D:4      | XOM: god gift: 6 needles of confusion
  3959 | D:4      | XOM: scenery: create altars
  4001 | D:4      | XOM: give mutations
  4001 | D:4      | Gained mutation: You possess an exceptional clarity of mind. [Xom's grace]
  4001 | D:4      | Gained mutation: You are somewhat resistant to further mutation. [Xom's grace]
  4144 | D:4      | Reached skill level 7 in Short Blades
  4341 | D:4      | XOM: god gift: brass ring {god gift}
  4461 | D:4      | Noticed Grinder
  4473 | D:4      | Killed Grinder
  4473 | D:4      | Reached skill level 8 in Short Blades
  4473 | D:4      | Reached XP level 7. HP: 36/40 MP: 9/9
  4654 | D:4      | XOM: noise
  4655 | D:4      | XOM: silly message
  4687 | D:5      | XOM: noise
  4687 | D:5      | Entered Level 5 of the Dungeon
  4776 | D:5      | XOM: cast spell 'Metabolic Englaciation'
  4777 | D:5      | Noticed Pikel
  4836 | D:5      | XOM: noise
  4843 | D:5      | XOM: mild Pois miscast
  4851 | D:5      | XOM: enchant monster (good)
  4854 | D:5      | Killed Pikel
  4854 | D:5      | Reached skill level 9 in Short Blades
  4854 | D:5      | Reached XP level 8. HP: 34/45 MP: 10/10
  4866 | D:5      | Reached skill level 10 in Short Blades
  4900 | D:5      | Found a glowing drain.
  4909 | Sewer    | Entered a sewer
  5109 | Sewer    | XOM: cast spell 'Dispersal'
  5335 | D:5      | XOM: blink monster(s)
  5647 | D:5      | Found Izikimei's Magic Scroll Boutique.
  5652 | D:5      | Bought a scroll of identify for 22 gold pieces
  5652 | D:5      | Bought a scroll of identify for 22 gold pieces
  5652 | D:5      | Bought a scroll of magic mapping for 38 gold pieces
  5652 | D:5      | Bought a scroll of magic mapping for 38 gold pieces
  5652 | D:5      | Bought a scroll of teleportation for 33 gold pieces
  5652 | D:5      | Bought a scroll of teleportation for 33 gold pieces
  5652 | D:5      | Bought a scroll of teleportation for 33 gold pieces
  5696 | D:5      | Lost mutation: You possess an exceptional clarity of mind. [potion of cure mutation]
  5696 | D:5      | Lost mutation: You are somewhat resistant to further mutation. [potion of cure mutation]
  5699 | D:5      | XOM is BORED!
  5699 | D:5      | XOM: medium Hex miscast
  5842 | D:5      | XOM: harmless Necr miscast
  5942 | D:6      | Found a sand-covered staircase.
  5942 | D:6      | Found a blossoming altar of Fedhas.
  5948 | Ossuary  | Entered an ossuary
  6043 | Ossuary  | XOM: mild Air miscast
  6049 | Ossuary  | XOM: summons 8 friendly demons
  6063 | Ossuary  | Reached skill level 11 in Short Blades
  6145 | Ossuary  | XOM: god gift: mace {god gift}
  6310 | Ossuary  | Reached skill level 3 in Dodging
  6342 | D:6      | Upgraded the game from 0.17-a0-1978-gc390f2e to 0.17-a0-1979-g1c74939
  6362 | D:6      | XOM: destruction
  6392 | D:6      | Reached skill level 4 in Dodging
  6401 | D:6      | XOM: destruction
  6480 | D:6      | XOM: 7-stop teleportation journey
  6500 | D:6      | Reached skill level 5 in Dodging
  6649 | D:6      | XOM: divination: detect creatures
  6655 | D:6      | XOM: polymorph orc -> hobgoblin
  6663 | D:6      | XOM: potion effect (curing)
  6672 | D:6      | XOM: enchant monster (good)
  6678 | D:6      | Killed an ogre
  6678 | D:6      | Reached XP level 9. HP: 46/49 MP: 11/11
  6690 | D:6      | Reached skill level 6 in Dodging
  6763 | D:6      | XOM: butterfly on damage
  6816 | D:6      | XOM: polymorph orc warrior -> swamp drake
  6821 | D:6      | XOM: summons friendly iron imp
  6838 | D:6      | XOM: enchant monster (good)
  6851 | D:6      | Reached skill level 7 in Dodging
  7020 | D:6      | XOM: noise
  7038 | D:6      | XOM: cast spell 'Cause Fear'
  7253 | D:6      | XOM: vitrification
  7307 | D:6      | Found a sacrificial altar of Ru.
  7346 | D:6      | XOM: polymorph orc warrior -> wasp
  7360 | D:6      | Reached skill level 1 in Shields
  7506 | D:6      | Reached skill level 2 in Shields
  7765 | D:7      | XOM: divination: detect creatures
  7769 | D:7      | XOM: fog
  7787 | D:6      | Reached skill level 3 in Shields
  7939 | D:7      | XOM: silly message
  8108 | D:7      | XOM: harmless Trmt miscast
  8119 | D:7      | Reached skill level 4 in Shields
  8136 | D:7      | Found a sacrificial altar of Ru.
  8145 | D:7      | Found a staircase to the Ecumenical Temple.
  8198 | D:7      | Found a shattered altar of Ashenzari.
  8219 | D:7      | Reached skill level 5 in Shields
  8236 | D:7      | HP: 5/49 [yak (12)]
  8251 | D:7      | XOM: harmless Fire miscast
  8258 | D:7      | Noticed a salamander
  8258 | D:7      | a yak changed into a salamander
  8258 | D:7      | XOM: polymorph yak -> salamander
  8308 | D:6      | XOM: god gift: glowing helmet {god gift}
  8525 | D:7      | XOM: confuse monster(s)
  8534 | D:7      | Reached skill level 6 in Shields
  8534 | D:7      | Reached XP level 10. HP: 54/54 MP: 12/12
  8585 | D:7      | XOM: cast spell 'Stoneskin'
  8590 | D:7      | Killed a salamander
  8787 | D:8      | Found Nyphun's Book Shoppe.
  8839 | D:8      | Found a shadowy altar of Dithmenos.
  8853 | D:8      | XOM: harmless Chrm miscast
  8908 | D:8      | XOM: 1-stop teleportation journey
  8909 | D:8      | Noticed Psyche
  8910 | D:8      | Found a stormy altar of Qazlal.
  8928 | D:8      | Killed Psyche
  8928 | D:8      | Reached skill level 3 in Fighting
  8968 | D:8      | Noticed Maurice
  8989 | D:8      | Killed Maurice
  8989 | D:8      | Reached skill level 4 in Fighting
  9060 | D:8      | XOM: swap monsters
  9142 | D:8      | Noticed Erolcha
  9156 | D:8      | Killed Erolcha
  9156 | D:8      | Reached skill level 5 in Fighting
  9209 | D:8      | Noticed Prince Ribbit
  9219 | D:8      | Killed Prince Ribbit
  9219 | D:8      | Reached skill level 6 in Fighting
  9400 | D:8      | XOM: fog
  9519 | D:8      | XOM: polymorph centaur -> scorpion
  9575 | D:8      | XOM: mild Summ miscast
  9607 | D:8      | XOM: divination: detect creatures
  9712 | D:8      | XOM: give mutations
  9712 | D:8      | Gained mutation: You are resistant to hostile enchantments. [Xom's grace]
  9712 | D:8      | Gained mutation: You are highly resistant to hostile enchantments. [Xom's grace]
  9712 | D:8      | Gained mutation: Your natural rate of healing is unusually fast. [Xom's grace]
  9712 | D:8      | Gained mutation: You are partially covered in slimy green scales (AC +2). [Xom's grace]
  9854 | D:8      | XOM: mild Fire miscast
 10027 | D:9      | XOM: potion effect (berserk rage)
 10030 | D:9      | Reached skill level 7 in Fighting
 10103 | D:9      | Found an iron altar of Okawaru.
 10139 | D:9      | XOM: harmless Air miscast
 10145 | D:9      | Noticed Ajdolov's ghost (journeyman OgBe)
 10156 | D:9      | XOM: cast spell 'Metabolic Englaciation'
 10160 | D:9      | XOM: fog
 10202 | D:9      | XOM: confuse monster(s)
 10203 | D:9      | XOM: summons 6 friendly demons
 10220 | D:9      | Killed Ajdolov's ghost
 10220 | D:9      | Reached XP level 11. HP: 46/67 MP: 13/13
 10330 | D:9      | XOM: summons friendly crimson imp
 10374 | D:9      | XOM: colour smoke trail
 10424 | D:9      | XOM: enchant monster (good)
 10533 | D:9      | Reached skill level 8 in Fighting
 10533 | D:9      | XOM: confusion (+ monsters)
 10677 | D:9      | XOM: god gift: scroll of teleportation
 10749 | D:9      | XOM: give mutations
 10749 | D:9      | Gained mutation: You are resistant to electric shocks. [Xom's grace]
 10749 | D:9      | Gained mutation: You are agile. (Dex +2) [Xom's grace]
 10749 | D:9      | Gained mutation: You are somewhat resistant to further mutation. [Xom's grace]
 10749 | D:9      | Gained mutation: You are very agile. (Dex +4) [Xom's grace]
 10759 | D:9      | XOM: vitrification
 10832 | D:9      | Found a shimmering altar of Xom.
 11000 | D:10     | Entered Level 10 of the Dungeon
 11002 | D:10     | Noticed a hill giant
 11127 | D:9      | XOM: mild Conj miscast
 11161 | D:10     | Found Sobbyge's Superlative Supplies.
 11190 | D:10     | XOM: noise
 11223 | D:10     | XOM: summons 4 hostile shadow creatures
 11348 | D:11     | XOM: mild Hex miscast
 11375 | D:11     | XOM: mild Necr miscast
 11407 | D:11     | XOM: give mutations
 11407 | D:11     | Gained mutation: You are dopey. (Int -2) [Xom's mischief]
 11407 | D:11     | Gained mutation: Scrolls take you a little longer to read. [Xom's mischief]
 11407 | D:11     | Gained mutation: Your body sometimes deteriorates upon taking damage. [Xom's mischief]
 11407 | D:11     | Lost mutation: Scrolls take you a little longer to read. [Xom's mischief]
 11460 | D:11     | Killed an unseen horror
 11549 | D:11     | Reached skill level 9 in Fighting
 11590 | D:11     | Noticed Ajdolov's ghost (journeyman OgBe)
 11593 | D:11     | XOM: blink monster(s)
 11596 | D:11     | XOM: noise
 11597 | D:11     | XOM: 4-stop teleportation journey
 11631 | D:11     | XOM: mild Fire miscast
 11633 | D:11     | XOM: cast spell 'Necromutation'
 11662 | D:11     | XOM: confusion (+ monsters)
 11670 | D:11     | XOM: summons 5 friendly demons
 11699 | D:11     | Killed Ajdolov's ghost
 11817 | D:11     | Killed an unseen horror
 11892 | D:11     | Noticed a hill giant
 11933 | D:11     | Killed a hill giant
 12036 | D:11     | Reached skill level 10 in Fighting
 12132 | D:11     | Found a staircase to the Lair.
 12168 | D:11     | XOM: harmless Necr miscast
 12170 | Lair:1   | Entered Level 1 of the Lair of Beasts
 12231 | Lair:1   | Found a dark tunnel.
 12236 | Volcano  | Entered a volcano
 12325 | Volcano  | XOM: noise
 12426 | Lair:1   | XOM: chaos cloud
 12428 | Lair:1   | XOM: noise
 12444 | Lair:1   | Reached skill level 1 in Armour
 12445 | Lair:1   | XOM: 4-stop teleportation journey
 12450 | Lair:1   | Reached skill level 2 in Armour
 12673 | Lair:1   | XOM: confusion (+ monsters)
 12705 | Lair:1   | XOM: torment (38/73 hp)
 12853 | Lair:1   | Noticed an eight-headed hydra
 12873 | Lair:1   | Killed an eight-headed hydra
 12873 | Lair:1   | Reached skill level 3 in Armour
 12873 | Lair:1   | Reached XP level 12. HP: 79/79 MP: 14/14
 12903 | Lair:1   | Reached skill level 4 in Armour
 13560 | Lair:2   | XOM: summons friendly shadow imp
 13640 | Lair:2   | XOM: snakes to sticks
 13665 | Lair:2   | Reached skill level 5 in Armour
 13796 | Lair:1   | Reached skill level 8 in Dodging
 13917 | Lair:1   | XOM: summons 3 hostile demons
 13927 | Lair:1   | XOM: smoke on damage
 14026 | Lair:2   | XOM: divination: magic mapping
 14262 | Lair:2   | Got a heavily runed leather armour
 14443 | Lair:2   | Reached skill level 9 in Dodging
 14443 | Lair:2   | XOM: harmless Air miscast
 14705 | Lair:3   | XOM: silly message
 14753 | Lair:3   | Reached skill level 10 in Dodging
 14840 | Lair:3   | XOM: harmless Summ miscast
 14852 | Lair:3   | XOM: harmless Ice miscast
 14963 | Lair:3   | XOM: harmless Necr miscast
 14967 | Lair:3   | XOM: divination: magic mapping
 15053 | Lair:3   | Identified the cursed +0 leather armour of Mogeakh {Str+3 Int+4} (You found it on level 2 of the Lair of Beasts)
 15397 | Lair:3   | XOM: harmless Divn miscast
 15452 | Lair:3   | XOM: divination: detect creatures
 15489 | Lair:4   | XOM: stealth player
 15517 | Lair:4   | XOM: potion effect (haste)
 15729 | Lair:4   | Reached skill level 6 in Armour
 15813 | Lair:4   | Reached skill level 1 in Spellcasting
 15855 | Lair:4   | Reached skill level 2 in Spellcasting
 15878 | Lair:4   | XOM: god gift: mace {god gift}
 15914 | Lair:4   | Reached skill level 3 in Spellcasting
 15930 | Lair:4   | Reached skill level 4 in Spellcasting
 15983 | Lair:4   | Found a staircase to the Snake Pit.
 16041 | Lair:4   | Reached skill level 5 in Spellcasting
 16138 | Lair:4   | Learned a level 4 spell: Animate Dead
 16201 | Lair:4   | XOM is BORED!
 16201 | Lair:4   | XOM: summons 3 hostile shadow creatures
 16202 | Lair:4   | Noticed a five-headed hydra
 16213 | Lair:4   | XOM: give mutations
 16213 | Lair:4   | Gained mutation: You can breathe flames. [Xom's grace]
 16213 | Lair:4   | Lost mutation: You can breathe flames. [Xom's grace]
 16213 | Lair:4   | Gained mutation: You can spit weak poison. [Xom's grace]
 16268 | Lair:4   | XOM: give mutation
 16268 | Lair:4   | Gained mutation: You possess an exceptional clarity of mind. [Xom's grace]
 16400 | Lair:5   | XOM: fake destruction
 16418 | Lair:5   | Reached skill level 1 in Necromancy
 16429 | Lair:5   | Reached skill level 2 in Necromancy
 16519 | Lair:5   | Reached skill level 3 in Necromancy
 16697 | Lair:5   | XOM: noise
 16699 | Lair:5   | Noticed a four-headed hydra
 16700 | Lair:5   | XOM: divination: detect items
 16743 | Lair:5   | Reached skill level 4 in Necromancy
 16759 | Lair:5   | Reached XP level 13. HP: 77/83 MP: 22/22
 16799 | Lair:5   | XOM: noise
 16807 | Lair:5   | Reached skill level 5 in Necromancy
 16810 | Lair:5   | XOM: mild Trmt miscast
 16817 | Lair:5   | XOM: enchant monster (bad)
 16824 | Lair:5   | XOM: silly message
 16825 | Lair:5   | XOM: blink monster(s)
 16890 | Lair:5   | Got a translucent silver ring
 16892 | Lair:5   | Identified the ring of Ocekk {EV+3 Dex+3} (You found it on level 5 of the Lair of Beasts)
 16921 | Lair:6   | Found a viscous altar of Jiyva.
 16921 | Lair:6   | Found a staircase to the Slime Pits.
 16946 | Lair:6   | Found a staircase to the Shoals.
 16946 | Lair:6   | XOM: 3-stop teleportation journey
 16995 | Lair:6   | XOM: destruction
 17013 | Lair:6   | Reached skill level 1 in Stealth
 17043 | Lair:6   | XOM: medium Trmt miscast
 17058 | Lair:6   | XOM: summons 6 hostile demons
 17068 | Lair:6   | Reached skill level 2 in Stealth
 17105 | Lair:6   | XOM: mild Tloc miscast
 17582 | Lair:7   | Reached skill level 3 in Stealth
 17590 | Lair:7   | XOM: harmless Pois miscast
 17662 | Lair:7   | XOM: medium Fire miscast
 17682 | Lair:7   | Reached skill level 4 in Stealth
 17774 | Lair:7   | XOM: give mutations
 17774 | Lair:7   | Lost mutation: You are very agile. (Dex +4) [Xom's mischief]
 17774 | Lair:7   | Lost mutation: You are partially covered in slimy green scales (AC +2). [Xom's mischief]
 17774 | Lair:7   | Lost mutation: You possess an exceptional clarity of mind. [Xom's mischief]
 17776 | Lair:7   | XOM: polymorph catoblepas -> six-headed hydra
 17905 | Lair:7   | Reached skill level 5 in Stealth
 17917 | Lair:7   | XOM: medium Hex miscast
 18146 | Lair:7   | Reached skill level 6 in Stealth
 18189 | Lair:7   | XOM: divination: detect items
 18210 | Lair:7   | XOM: cast spell 'Dragon Form'
 18211 | Lair:7   | XOM: potion effect (brilliance)
 18214 | Lair:7   | XOM: enchant monster (good)
 18263 | Lair:7   | Reached skill level 7 in Stealth
 18280 | Lair:7   | Reached skill level 8 in Stealth
 18361 | Lair:7   | XOM: noise
 18634 | Lair:7   | Reached skill level 9 in Stealth
 18712 | Lair:7   | XOM: vitrification
 18806 | Lair:7   | XOM: 1-stop teleportation journey
 18813 | Lair:8   | Entered Level 8 of the Lair of Beasts
 18956 | Lair:8   | Reached skill level 10 in Stealth
 19023 | Lair:8   | XOM: fake destruction
 19078 | Lair:8   | Reached skill level 11 in Stealth
 19441 | Lair:8   | XOM: smoke on damage
 19447 | Lair:8   | Reached skill level 12 in Stealth
 19651 | Lair:8   | XOM: divination: detect creatures
 19832 | Lair:8   | XOM: mild Necr miscast
 19927 | Lair:8   | XOM: blink monster(s)
 19932 | Lair:8   | XOM: enchant monster (good)
 19933 | Lair:8   | Noticed an azure jelly
 19933 | Lair:8   | a death yak changed into an azure jelly
 19933 | Lair:8   | XOM: polymorph death yak -> azure jelly
 19935 | Lair:8   | HP: 19/83 [azure jelly (35)]
 20048 | Lair:8   | XOM: harmless Air miscast
 20172 | Lair:8   | XOM: fog
 20183 | Lair:8   | XOM: mild Air miscast
 20193 | Lair:8   | XOM: enchant monster (bad)
 20227 | Lair:8   | XOM: noise
 20361 | Lair:5   | XOM: summons 13 friendly demons
 20367 | Lair:5   | Killed a four-headed hydra
 20367 | Lair:5   | Reached skill level 13 in Stealth
 20372 | Lair:5   | XOM: enchant monster (good)
 20381 | Lair:5   | XOM: summons friendly shadow imp
 20386 | Lair:5   | XOM: cast spell 'Dispersal'
 20389 | Lair:5   | XOM: cast spell 'Statue Form'
 20408 | Lair:5   | XOM: potion effect (curing)
 20414 | Lair:5   | Reached XP level 14. HP: 82/88 MP: 19/23
 20415 | Lair:5   | XOM: harmless Divn miscast
 20486 | Lair:5   | Reached skill level 14 in Stealth
 20922 | Lair:5   | XOM: give mutations
 20922 | Lair:5   | Gained mutation: You are extremely resistant to the effects of hostile enchantments. [Xom's grace]
 20922 | Lair:5   | Gained mutation: Your spells are a little harder to cast, but a little more powerful. [Xom's grace]
 20922 | Lair:5   | Gained mutation: You have a pair of small horns on your head. [Xom's grace]
 21032 | Lair:5   | XOM: god gift: embroidered robe {god gift}
 21403 | D:11     | XOM: silly message
 21410 | D:11     | Noticed a hill giant
 21413 | D:11     | XOM: summons 13 friendly demons
 21415 | D:11     | XOM: give mutations
 21415 | D:11     | Gained mutation: You are partially covered in molten scales (AC +1). [Xom's grace]
 21415 | D:11     | Gained mutation: You have a somewhat thin skeletal structure (Dex +2, Stealth). [Xom's grace]
 21415 | D:11     | Gained mutation: You possess an exceptional clarity of mind. [Xom's grace]
 21417 | D:11     | Killed a hill giant
 21489 | D:11     | XOM: potion effect (curing)
 21652 | D:11     | XOM: summons friendly white imp
 21655 | D:11     | XOM: blink monster(s)
 21724 | D:11     | XOM: medium Pois miscast
 21773 | D:11     | XOM: god gift: plate armour {god gift}
 21774 | D:11     | XOM: polymorph white imp -> quasit
 21868 | D:12     | Noticed Josephine
 21874 | D:12     | XOM: summons friendly ufetubus
 22016 | D:12     | XOM: fog
 22022 | D:12     | XOM: blink monster(s)
 22023 | D:12     | XOM: confuse monster(s)
 22029 | D:12     | XOM: harmless Ice miscast
 22072 | D:12     | XOM: summons 11 friendly demons
 22190 | D:12     | XOM: chaos upgrade
 22196 | D:12     | Reached skill level 15 in Stealth
 22324 | D:12     | XOM: severe Chrm miscast
 22329 | D:12     | Got a dazzling ring mail
 22334 | D:12     | Lost mutation: Your spells are a little harder to cast, but a little more powerful. [mutagenic glow]
 22341 | D:12     | XOM: silly message
 22360 | D:12     | XOM: noise
 22366 | D:12     | Gained mutation: You tend to lose your temper in combat. [mutagenic glow]
 22375 | D:12     | XOM: give mutation
 22375 | D:12     | Lost mutation: You are dopey. (Int -2) [Xom's mischief]
 22564 | D:12     | XOM: 5-stop teleportation journey
 22627 | D:12     | Identified the +3 ring mail of Enwepiupuegh {rPois rC++ MR++} (You found it on level 12 of the Dungeon)
 22767 | D:12     | XOM: silly message
 22774 | D:12     | XOM: summons 7 hostile demons
 23067 | D:12     | Killed Josephine
 23131 | D:12     | XOM: cast spell 'Olgreb's Toxic Radiance'
 23469 | D:13     | XOM: cast spell 'Summon Butterflies'
 23474 | D:13     | Found Vaasuyb's Blood Bar.
 23478 | D:13     | Bought Vegatih's Compendium of Evil Arts for 861 gold pieces
 23490 | D:13     | Learned a level 5 spell: Dispel Undead
 23496 | D:13     | Learned a level 5 spell: Bolt of Draining
 23503 | D:13     | Learned a level 6 spell: Death Channel
 23597 | D:13     | XOM: cast spell 'Summon Butterflies'
 23674 | D:13     | XOM: god gift: runed short sword {god gift}
 23750 | D:13     | Reached skill level 6 in Necromancy
 24038 | D:13     | Found a gate to the Vaults.
 24041 | D:13     | Reached skill level 7 in Necromancy
 24135 | D:13     | Reached skill level 8 in Necromancy
 24191 | D:13     | XOM: 1-stop teleportation journey
 24493 | D:14     | XOM: scenery: create altars
 24520 | D:14     | Got a ring of the Octopus King
 24521 | D:14     | Identified a ring of the Octopus King {SustAt AC+1 EV+1 Str+1 Int+1 Dex+1} (You found it on level 14 of the Dungeon)
 24538 | D:14     | Found Zupuo's Book Boutique.
 24758 | D:14     | XOM: harmless Air miscast
 24784 | D:14     | Reached skill level 9 in Necromancy
 24938 | D:14     | Reached skill level 10 in Necromancy
 24940 | D:14     | XOM: enchant monster (good)
 25271 | D:14     | XOM: give mutations
 25271 | D:14     | Gained mutation: You have sharp fingernails. [Xom's grace]
 25271 | D:14     | Gained mutation: You are partially covered in iridescent scales (AC +4). [Xom's grace]
 25312 | D:15     | Entered Level 15 of the Dungeon
 25352 | D:15     | Found Ynigogri's Weapon Boutique.
 25512 | D:15     | Reached skill level 11 in Necromancy
 25542 | D:15     | XOM: confuse monster(s)
 25544 | D:15     | XOM: noise
 25681 | D:15     | XOM: enchant monster (bad)
 25682 | D:15     | Reached XP level 15. HP: 70/93 MP: 19/24
 25723 | D:15     | Found a staircase to the Depths.
 25752 | D:15     | XOM: mild Tloc miscast
 25758 | D:15     | XOM: silly message
 25764 | D:15     | XOM: enchant monster (good)
 25765 | D:15     | Noticed a quicksilver dragon
 25765 | D:15     | a dire elephant changed into a quicksilver dragon
 25765 | D:15     | XOM: polymorph dire elephant -> quicksilver dragon
 25769 | D:15     | a quicksilver dragon changed into a frost giant
 25780 | D:15     | XOM: 1-stop teleportation journey
 25940 | D:10     | Noticed a hill giant
 25943 | D:10     | XOM: confuse monster(s)
 25948 | D:10     | Killed a hill giant
 25948 | D:10     | Reached skill level 12 in Necromancy
 26018 | D:10     | XOM: mild Hex miscast
 26409 | D:10     | XOM: colour smoke trail
 26487 | D:10     | Found a staircase to the Orcish Mines.
 26509 | D:10     | Noticed Ajdolov's ghost (novice OgBe)
 26517 | D:10     | XOM: silly message
 26518 | D:10     | Killed Ajdolov's ghost
 26774 | D:10     | XOM: medium Conj miscast
 26837 | D:10     | XOM: silly message
 27022 | Orc:1    | Entered Level 1 of the Orcish Mines
 27318 | Orc:1    | XOM: god gift: glowing triple crossbow {god gift}
 27379 | Orc:2    | Noticed Urug
 27381 | Orc:2    | Noticed Rupert
 27393 | Orc:2    | XOM: polymorph orc -> ball python
 27423 | Orc:1    | XOM: summons 14 friendly demons
 27428 | Orc:1    | Killed Urug
 27706 | Orc:2    | Found Oshru's Assorted Antiques.
 27713 | Orc:2    | Bought a scroll of identify for 44 gold pieces
 27805 | Orc:3    | XOM: polymorph ogre -> big kobold
 27893 | Orc:3    | XOM: destruction
 27906 | Orc:3    | XOM: swap monsters
 27933 | Orc:3    | XOM: vitrification
 27971 | Orc:3    | Noticed Harold
 27971 | Orc:3    | XOM: summons friendly crimson imp
 27984 | Orc:3    | Killed Harold
 27984 | Orc:3    | Reached skill level 13 in Necromancy
 28028 | Orc:3    | Found a staircase to the Elven Halls.
 28164 | Orc:3    | Your ally Harold died
 28403 | Orc:4    | Entered Level 4 of the Orcish Mines
 28468 | Orc:4    | Found a labyrinth entrance.
 28477 | Lab      | Entered a labyrinth
 28500 | Lab      | XOM: mild Chrm miscast
 28532 | Lab      | XOM: god gift: potion of lignification
 28567 | Lab      | XOM: noise
 28681 | Lab      | XOM: god gift: 8 needles of paralysis
 28720 | Lab      | Hired Revigeex the monstrous demonspawn for 945 gold.
 28763 | Lab      | Identified Sier's Almanac of Lethal Bewitchment (You found it in a labyrinth)
 28769 | Lab      | Learned a level 3 spell: Spectral Weapon
 28802 | Orc:4    | Reached skill level 1 in Charms
 28982 | Orc:4    | Reached skill level 2 in Charms
 29118 | Orc:4    | Reached skill level 3 in Charms
 29166 | Orc:4    | XOM: summons friendly crimson imp
 29171 | Orc:4    | Reached skill level 4 in Charms
 29173 | Orc:4    | XOM: cast spell 'Hydra Form'
 29177 | Orc:4    | XOM: summons friendly ufetubus
 29184 | Orc:4    | Reached skill level 5 in Charms
 29190 | Orc:4    | Reached skill level 6 in Charms
 29199 | Orc:4    | Reached skill level 7 in Charms
 29200 | Orc:4    | Found Huhal's Armour Emporium.
 29200 | Orc:4    | Found Fokoq's Antique Armour Boutique.
 29202 | Orc:4    | Found Yrabaije's Gadget Emporium.
 29202 | Orc:4    | Found Esecuocs's Distillery.
 29207 | Orc:4    | XOM: vitrification
 29435 | Orc:4    | XOM: 1-stop teleportation journey
 29559 | Orc:4    | XOM: god gift: 38 gold pieces
 29593 | Orc:2    | Killed Rupert
 29593 | Orc:2    | Reached skill level 8 in Charms
 29890 | Orc:1    | Noticed Snorg
 29901 | Orc:1    | Killed Snorg
 30037 | Elf:1    | Entered Level 1 of the Elven Halls
 30123 | Elf:1    | Reached skill level 9 in Charms
 30143 | Elf:1    | Found a frozen archway.
 30149 | IceCv    | XOM: noise
 30149 | IceCv    | Entered an ice cave
 30170 | IceCv    | XOM: fog
 30215 | IceCv    | XOM: give mutation
 30215 | IceCv    | Gained mutation: You have sharp toenails. [Xom's grace]
 30563 | IceCv    | Reached skill level 11 in Fighting
 30864 | IceCv    | XOM: vitrification
 30898 | IceCv    | Noticed an Ice Fiend
 31023 | IceCv    | XOM: confuse monster(s)
 31138 | IceCv    | HP: 22/95 [??? (20)]
 31220 | IceCv    | XOM: 5-stop teleportation journey
 31403 | Elf:1    | XOM: polymorph deep elf knight -> torpor snail
 31405 | Elf:1    | XOM: enchant monster (good)
 31415 | Elf:1    | Your ally Revigeex died
 31416 | Elf:1    | Noticed an Ice Fiend
 31420 | Elf:1    | HP: 23/95 [sixfirhy[an orc high priest] (8)]
 31532 | Elf:1    | Noticed Roxanne
 31533 | Elf:1    | XOM: polymorph deep elf knight -> hill giant
 31561 | Elf:1    | Found Loduboeth's Distillery.
 31737 | Elf:1    | Noticed a deep elf blademaster
 31740 | Elf:1    | XOM: fog
 31908 | Elf:1    | XOM: polymorph deep elf conjurer -> cyclops
 31997 | Elf:1    | Reached skill level 14 in Necromancy
 32126 | Elf:1    | Reached XP level 16. HP: 73/100 MP: 25/25
 32163 | Elf:1    | XOM: potion effect (haste)
 32186 | Elf:1    | XOM: confuse monster(s)
 32203 | Elf:1    | XOM: cast spell 'Hydra Form'
 32204 | Elf:1    | Noticed a Shadow Fiend
 32209 | Elf:1    | Reached skill level 15 in Necromancy
 32228 | Elf:1    | HP: 27/130 [deep elf knight/scimitar (11)]
 32240 | Elf:1    | HP: 31/130 [orc wizard/magic dart (2)]
 32506 | Elf:1    | XOM: medium Conj miscast
 32643 | Elf:1    | XOM: summons 12 friendly demons
 32703 | Elf:1    | Reached skill level 1 in Conjurations
 32712 | Elf:1    | XOM: summons friendly iron imp
 32714 | Elf:1    | Reached skill level 2 in Conjurations
 32837 | Elf:1    | XOM: enchant monster (good)
 32913 | Elf:1    | XOM: summons 9 friendly demons
 32922 | Elf:1    | Killed a deep elf blademaster
 32922 | Elf:1    | Reached skill level 3 in Conjurations
 33223 | Elf:1    | XOM: god gift: 24 gold pieces
 33276 | Elf:1    | Reached skill level 4 in Conjurations
 33550 | Orc:4    | Bought a potion of beneficial mutation for 525 gold pieces
 33553 | Orc:4    | Bought a potion of might for 60 gold pieces
 33553 | Orc:4    | Bought a potion of resistance for 150 gold pieces
 33555 | Orc:4    | Bought a dazzling leather armour for 210 gold pieces
 33574 | Orc:4    | Identified the +5 leather armour "Ymitwaw" {rC+} (You bought it in a shop on level 4 of the Orcish Mines)
 33696 | D:10     | Killed a hill giant
 33723 | D:11     | XOM: colour smoke trail
 33802 | Snake:1  | Entered Level 1 of the Snake Pit
 33859 | Snake:1  | XOM: noise
 33868 | Snake:1  | Reached skill level 6 in Spellcasting
 33905 | Snake:1  | XOM: confuse monster(s)
 33973 | Snake:1  | Reached skill level 7 in Spellcasting
 34041 | Snake:1  | Reached skill level 8 in Spellcasting
 34133 | Snake:1  | Reached skill level 9 in Spellcasting
 34510 | Snake:1  | XOM: silly message
 34586 | Snake:2  | XOM: colour smoke trail
 34596 | Snake:2  | Reached skill level 10 in Spellcasting
 34674 | Snake:2  | XOM: cast spell 'Metabolic Englaciation'
 34691 | Snake:2  | XOM: harmless Necr miscast
 34700 | Snake:2  | HP: 24/100 [salamander/enchanted halberd (11)]
 34705 | Snake:2  | HP: 20/100 [salamander/enchanted halberd (13)]
 34902 | Snake:2  | XOM: noise
 35029 | Snake:2  | XOM: enchant monster (bad)
 35041 | Snake:2  | HP: 24/100 [naga warrior/flail (9)]
 35043 | Snake:2  | XOM: 1-stop teleportation journey
 35059 | Snake:2  | XOM: harmless Chrm miscast
 35282 | Snake:2  | XOM: divination: magic mapping
 35283 | Snake:2  | Reached skill level 11 in Spellcasting
 35285 | Snake:2  | XOM: summons 3 friendly demons
 35317 | Snake:2  | XOM: summons friendly iron imp
 35318 | Snake:2  | XOM: summons friendly iron imp
 35377 | Snake:2  | XOM: mild Conj miscast
 35548 | Snake:2  | XOM: mild Hex miscast
 35932 | Snake:2  | XOM: silly message
 35945 | Snake:2  | XOM: chaos upgrade
 36220 | Snake:2  | XOM: mild Erth miscast
 36266 | Snake:2  | XOM: harmless Trmt miscast
 36312 | Snake:3  | Reached skill level 12 in Fighting
 36327 | Snake:3  | XOM: fog
 36383 | Snake:3  | XOM: fake destruction
 36397 | Snake:3  | Reached XP level 17. HP: 52/106 MP: 14/34
 36478 | Snake:3  | XOM: 6-stop teleportation journey
 36576 | Snake:3  | XOM: harmless Erth miscast
 36905 | Snake:3  | XOM: silly message
 37107 | Snake:3  | XOM: divination: detect creatures
 37375 | Snake:3  | XOM: mild Conj miscast
 37422 | Snake:3  | XOM: cast spell 'Necromutation'
 37433 | Snake:4  | Entered Level 4 of the Snake Pit
 37433 | Snake:4  | Noticed Aizul
 37451 | Snake:3  | Killed Aizul
 37465 | Snake:3  | Your ally Aizul died
 37874 | Snake:4  | XOM: enchant monster (good)
 37895 | Snake:4  | XOM is BORED!
 37895 | Snake:4  | XOM: noise
 38032 | Snake:4  | Reached skill level 13 in Fighting
 38033 | Snake:4  | XOM: swap monsters
 38127 | Snake:4  | Reached skill level 16 in Stealth
 38191 | Snake:4  | XOM: summons friendly shadow imp
 38347 | Snake:4  | XOM: swap monsters
 38371 | Snake:4  | XOM: divination: detect items
 38387 | Snake:4  | XOM: god gift: thick runed staff {god gift}
 38390 | Snake:4  | XOM: 3-stop teleportation journey
 38414 | Snake:4  | XOM: mild Fire miscast
 38438 | Snake:4  | XOM: torment (55/108 hp)
 38600 | Snake:4  | XOM: enchant monster (bad)
 38606 | Snake:4  | XOM: polymorph naga ritualist -> swamp dragon
 38615 | Snake:4  | XOM: enchant monster (bad)
 38626 | Snake:3  | XOM: mild Erth miscast
 38631 | Snake:3  | XOM: mild Trmt miscast
 38820 | Snake:4  | XOM: potion effect (brilliance)
 38834 | Snake:4  | XOM: chaos cloud
 38906 | Snake:4  | Reached skill level 17 in Stealth
 38928 | Snake:4  | XOM: enchant monster (bad)
 38966 | Snake:4  | XOM: scenery: create altars
 39174 | Snake:4  | Got a serpentine rune of Zot
 39450 | Snake:4  | Upgraded the game from 0.17-a0-1979-g1c74939 to 0.17-a0-1987-gaf5a542
 39504 | Snake:3  | Reached skill level 1 in Hexes
 39512 | Snake:3  | Reached skill level 2 in Hexes
 39533 | Snake:3  | Reached skill level 3 in Hexes
 39616 | Snake:1  | XOM: noise
 39621 | Snake:1  | XOM: enchant monster (good)
 39631 | Snake:1  | Reached skill level 4 in Hexes
 39729 | Shoals:1 | Entered Level 1 of the Shoals
 39743 | Shoals:1 | XOM: cast spell 'Ice Form'
 39756 | Shoals:1 | Reached skill level 5 in Hexes
 39800 | Shoals:1 | XOM: silly message
 39859 | Shoals:1 | XOM: 3-stop teleportation journey
 39861 | Shoals:1 | XOM: enchant monster (good)
 39896 | Shoals:1 | Identified Sif Muna's Almanac of Moulding
 39964 | Shoals:1 | Reached skill level 11 in Dodging
 40183 | Shoals:1 | XOM: silly message
 40394 | Shoals:1 | XOM: confuse monster(s)
 40708 | Shoals:2 | XOM: give mutations
 40708 | Shoals:2 | Gained mutation: You are robust (+10% HP). [Xom's grace]
 40708 | Shoals:2 | Gained mutation: Your spells are a little harder to cast, but a little more powerful. [Xom's grace]
 40708 | Shoals:2 | Gained mutation: You have a pair of horns on your head. [Xom's grace]
 40821 | Shoals:3 | Noticed Kirke
 40822 | Shoals:3 | Paralysed by you for 3 turns
 40829 | Shoals:3 | XOM: divine lightning (protected)
 40832 | Shoals:3 | Killed Kirke
 40832 | Shoals:3 | Reached skill level 12 in Dodging
 40867 | Shoals:3 | XOM is BORED!
 40867 | Shoals:3 | XOM: 2-stop teleportation journey
 40878 | Shoals:3 | XOM: 2-stop teleportation journey
 40898 | Shoals:3 | Your ally Kirke died
 40906 | Shoals:3 | HP: 26/118 [merfolk/tomahawk (17)]
 40944 | Shoals:4 | Entered Level 4 of the Shoals
 40991 | Shoals:4 | Reached XP level 18. HP: 86/125 MP: 16/35
 40999 | Shoals:3 | Upgraded the game from 0.17-a0-1987-gaf5a542 to 0.17-a0-1996-gd2c0ec8
 41027 | Shoals:3 | XOM: 3-stop teleportation journey
 41043 | Shoals:3 | Reached skill level 13 in Dodging
 41166 | Shoals:3 | XOM is BORED!
 41166 | Shoals:3 | XOM: medium Chrm miscast
 41290 | Shoals:3 | XOM: polymorph griffon -> slime creature
 41353 | Shoals:3 | XOM: mild Air miscast
 41413 | Shoals:4 | XOM: swap monsters
 41479 | Shoals:4 | XOM: cast spell 'Cause Fear'
 41497 | Shoals:4 | XOM: god gift: phantom mirror
 41498 | Shoals:4 | XOM: noise
 41508 | Shoals:4 | XOM: cast spell 'Discord'
 41530 | Shoals:4 | XOM: divination: detect creatures
 41545 | Shoals:4 | Reached skill level 14 in Dodging
 41650 | Shoals:4 | XOM: god gift: smelly leather armour {god gift}
 41651 | Shoals:4 | Got a smelly leather armour {god gift}
 41656 | Shoals:4 | Got a barnacled rune of Zot
 41697 | Shoals:3 | Identified the +1 leather armour of Boredom {Int+5} (Xom gifted it to you on level 4 of the Shoals)
 41777 | Shoals:2 | XOM: 3-stop teleportation journey
 42118 | Vaults:1 | Entered Level 1 of the Vaults
 42161 | Vaults:1 | HP: 24/125 [fire dragon/blast of flame (39)]
 42232 | Vaults:1 | XOM: give mutation
 42232 | Vaults:1 | Gained mutation: Your spells are harder to cast, but more powerful. [Xom's grace]
 42236 | Vaults:1 | Reached skill level 12 in Spellcasting
 42325 | Vaults:1 | XOM: god gift: faintly glowing leather armour {god gift}
 42326 | Vaults:1 | Got a faintly glowing leather armour {god gift}
 42340 | Vaults:1 | Identified the +1 leather armour of Xom's Pride {rF++ SInv} (Xom gifted it to you on level 1 of the Vaults)
 42371 | Vaults:1 | XOM: 5-stop teleportation journey
 42711 | Vaults:1 | Reached skill level 13 in Spellcasting
 42724 | Vaults:1 | Found a portal to a secret trove of treasure.
 43074 | Elf:2    | XOM: fog
 43132 | Elf:2    | Found a huge runed gate.
 43132 | Elf:2    | XOM: 8-stop teleportation journey
 43150 | Elf:2    | XOM: swap monsters
 43151 | Elf:2    | XOM: divination: detect items
 43157 | Elf:2    | XOM: fake destruction
 43162 | Elf:2    | XOM: summons friendly ufetubus
 43178 | Elf:2    | Reached skill level 16 in Necromancy
 43181 | Elf:2    | Found a huge runed gate.
 43181 | Elf:2    | Found a huge runed gate.
 43181 | Elf:2    | Found a huge runed gate.
 43181 | Elf:2    | XOM: swap monsters
 43183 | Elf:2    | Found a huge runed gate.
 43280 | Elf:2    | XOM: mild Trmt miscast
 43394 | Elf:2    | Found Xaqoste's Antique Weapon Boutique.
 43459 | Elf:2    | Found Ziri's Jewellery Shoppe.
 43468 | Elf:2    | Bought the amulet "Hauvvis" {Regen+ Str+4} for 635 gold pieces
 43797 | Elf:2    | XOM: cast spell 'Summon Dragon'
 43838 | Elf:2    | Noticed a Brimstone Fiend
 43848 | Elf:2    | XOM: medium Chrm miscast
 44029 | Elf:2    | XOM: summons 8 hostile demons
 44081 | Elf:2    | Reached skill level 17 in Necromancy
 44087 | Elf:2    | XOM: summons 9 hostile demons
 44100 | Elf:2    | XOM: destruction
 44105 | Elf:2    | XOM: polymorph crimson imp -> iron imp
 44218 | Elf:2    | XOM: give mutations
 44218 | Elf:2    | Lost mutation: You are partially covered in iridescent scales (AC +4). [Xom's mischief]
 44218 | Elf:2    | Lost mutation: You have sharp toenails. [Xom's mischief]
 44218 | Elf:2    | Lost mutation: You can spit weak poison. [Xom's mischief]
 44218 | Elf:2    | Lost mutation: You possess an exceptional clarity of mind. [Xom's mischief]
 44281 | Elf:2    | XOM: 7-stop teleportation journey
 44334 | Elf:2    | Noticed a Brimstone Fiend
 44334 | Elf:2    | XOM: confuse monster(s)
 44408 | Elf:2    | XOM: give mutations
 44408 | Elf:2    | Gained mutation: Your mind is acute. (Int +2) [Xom's grace]
 44408 | Elf:2    | Gained mutation: You can breathe flames. [Xom's grace]
 44408 | Elf:2    | Gained mutation: You are very agile. (Dex +4) [Xom's grace]
 44506 | Elf:2    | XOM: polymorph hog -> big kobold
 44548 | Elf:2    | Bought an uncursed amulet of clarity for 280 gold pieces
 44787 | Elf:2    | XOM: summons 3 friendly demons
 44855 | Elf:2    | XOM: silly message
 45161 | Elf:3    | Entered Level 3 of the Elven Halls
 45221 | Elf:3    | XOM: 2-stop teleportation journey
 45304 | Elf:3    | XOM: mild Chrm miscast
 45305 | Elf:3    | XOM: noise
 45312 | Elf:3    | XOM: cast spell 'Chain of Chaos'
 45347 | Elf:3    | Reached skill level 18 in Necromancy
 45553 | Elf:3    | XOM: harmless Summ miscast
 45558 | Elf:3    | Reached XP level 19. HP: 88/130 MP: 31/38
 45562 | Elf:3    | XOM: harmless Conj miscast
 45609 | Elf:3    | XOM: enchant monster (good)
 46044 | Elf:3    | XOM: god gift: wand of heal wounds {god gift}
 46205 | Elf:3    | Upgraded the game from 0.17-a0-1996-gd2c0ec8 to 0.17-a0-2002-g92c7e20
 46779 | Elf:3    | XOM: god gift: plate armour {god gift}
 46783 | Elf:3    | XOM: scenery: 2 doors close
 47070 | Elf:3    | XOM: enchant monster (good)
 47072 | Elf:3    | Reached skill level 19 in Necromancy
 47295 | Elf:3    | XOM: swap monsters
 47317 | Elf:3    | XOM: potion effect (curing)
 47321 | Elf:3    | HP: 19/130 [deep elf death mage/bolt of negative energy (61)]
 47366 | Elf:3    | Reached skill level 12 in Short Blades
 47366 | Elf:3    | Reached XP level 20. HP: 85/136 MP: 37/39
 47492 | Elf:3    | XOM: swap monsters
 47520 | Elf:3    | XOM: summons 4 friendly demons
 47542 | Elf:3    | XOM: chaos upgrade
 47706 | Elf:3    | XOM: butterfly on damage
 47719 | Elf:3    | XOM: summons friendly crimson imp
 47864 | Elf:3    | Identified the Handbook of the Glacier
 47870 | Elf:3    | Identified the Compendium of Hurtful Feathers (You found it on level 3 of the Elven Halls)
 47874 | Elf:3    | Learned a level 2 spell: Repel Missiles
 47919 | Elf:3    | Got a flickering jade ring
 47920 | Elf:3    | Identified the ring of Baagraomergh {rF+ rN+ Int+7} (You found it on level 3 of the Elven Halls)
 47941 | Elf:3    | XOM: enchant monster (good)
 48126 | Elf:3    | XOM: swap monsters
 48186 | Elf:3    | Reached skill level 20 in Necromancy
 48232 | Elf:3    | XOM: summons 2 friendly demons
 48280 | Elf:3    | XOM: summons 4 friendly demons
 48385 | Elf:3    | Identified Lee's Almanac of Torrid Blows and Bruises (You found it on level 3 of the Elven Halls)
 48421 | Elf:3    | Got a clouded bone ring
 48424 | Elf:3    | Identified the ring of Lies {Ice *Contam rElec rPois SInv} (You found it on level 3 of the Elven Halls)
 48738 | D:13     | XOM: god gift: potion of haste
 48768 | Vaults:1 | XOM: 1-stop teleportation journey
 48837 | Vaults:1 | XOM: colour smoke trail
 48880 | Vaults:1 | Reached skill level 1 in Long Blades
 48923 | Vaults:1 | XOM: summons 6 friendly demons
 48930 | Vaults:1 | Reached skill level 2 in Long Blades
 48931 | Vaults:1 | XOM: divination: magic mapping
 48932 | Vaults:1 | XOM: cast spell 'Blink'
 49105 | Vaults:1 | XOM: divination: magic mapping
 49116 | Vaults:1 | Got a blackened ring mail
 49126 | Vaults:1 | Reached skill level 3 in Long Blades
 49337 | Vaults:1 | Reached skill level 4 in Long Blades
 49516 | Vaults:1 | XOM: god gift: leatherbound book {god gift}
 49609 | Vaults:1 | XOM: god gift: great sword {god gift}
 49847 | Vaults:1 | XOM: god gift: 15 royal jellies
 49859 | Vaults:1 | Identified the +2 ring mail of Mitairchi {+Fly} (You found it on level 1 of the Vaults)
 49977 | Vaults:2 | XOM: god gift: 26 gold pieces
 50026 | Vaults:2 | Reached skill level 5 in Long Blades
 50072 | Vaults:2 | Found Wulloit's Jewellery Shoppe.
 50140 | Vaults:2 | XOM: 3-stop teleportation journey
 50211 | Vaults:2 | Reached skill level 6 in Long Blades
 50286 | Vaults:2 | XOM: colour smoke trail
 50412 | Vaults:2 | XOM: silly message
 50586 | Vaults:2 | Learned a level 4 spell: Leda's Liquefaction
 50707 | Vaults:2 | Got a faintly glowing brass ring
 50708 | Vaults:2 | Identified the ring "Fuejer" {rF+ MR++ Stlth+} (You found it on level 2 of the Vaults)
 50787 | Vaults:2 | Reached skill level 7 in Long Blades
 50807 | Vaults:2 | XOM: summons friendly white imp
 51024 | Vaults:3 | Found Gozag's Antique Armour Shoppe.
 51024 | Vaults:3 | Found an opulent altar of Gozag.
 51024 | Vaults:3 | Found Gozag's Antique Armour Emporium.
 51024 | Vaults:3 | XOM: 5-stop teleportation journey
 51031 | Vaults:3 | Reached skill level 8 in Long Blades
 51041 | Vaults:3 | Found Gozag's Antique Weapon Emporium.
 51049 | Vaults:3 | Reached XP level 21. HP: 68/141 MP: 24/40
 51109 | Vaults:3 | Reached skill level 9 in Long Blades
 51120 | Vaults:3 | Bought a runed buckler for 450 gold pieces
 51305 | Vaults:3 | Found Moireyst's Gadget Shoppe.
 51452 | Vaults:3 | XOM: harmless Divn miscast
 51744 | Vaults:3 | XOM: cast spell 'Discord'
 51749 | Vaults:3 | XOM: divination: detect items
 51749 | Vaults:3 | Reached skill level 10 in Long Blades
 51773 | Vaults:3 | XOM: cast spell 'Spider Form'
 51904 | Vaults:3 | Found a staircase to the Crypt.
 51990 | Vaults:3 | XOM: colour smoke trail
 52173 | Vaults:3 | XOM: medium Tloc miscast
 52173 | Vaults:3 | HP: 25/141 [something (22)]
 52557 | Vaults:4 | Reached skill level 11 in Long Blades
 52566 | Vaults:4 | XOM: harmless Tloc miscast
 52654 | Vaults:4 | XOM: potion effect (might)
 52663 | Vaults:4 | XOM: polymorph ogre -> wasp
 52923 | Vaults:4 | XOM: confuse monster(s)
 53120 | Vaults:4 | XOM: cast spell 'Summon Ice Beast'
 53122 | Vaults:4 | XOM: destruction
 53130 | Vaults:5 | Entered Level 5 of the Vaults
 53135 | Vaults:4 | XOM: god gift: 24 stones
 53660 | Vaults:4 | XOM: polymorph yaktaur captain -> emperor scorpion
 53931 | Vaults:4 | XOM: summons friendly crimson imp
 54052 | Vaults:4 | Reached skill level 14 in Fighting
 54115 | Vaults:4 | XOM: summons 5 friendly demons
 54525 | D:15     | Found an opulent altar of Gozag.
 54529 | D:15     | Found Gozag's Platinum Reserve.
 54838 | Depths:1 | Entered Level 1 of the Depths
 54848 | Depths:1 | Found a one-way gate to the infinite horrors of the Abyss.
 54862 | Depths:1 | XOM: mild Pois miscast
 55014 | Depths:1 | XOM: divination: detect creatures
 55035 | Depths:1 | XOM: silly message
 55235 | Depths:1 | XOM: potion effect (berserk rage)
 55291 | Depths:1 | Reached skill level 15 in Fighting
 55322 | Depths:1 | Noticed Wiglaf
 55329 | Depths:1 | XOM: harmless Necr miscast
 55331 | Depths:1 | Killed Wiglaf
 55340 | Depths:1 | Reached XP level 22. HP: 116/154 MP: 12/41
 55524 | Depths:1 | Your ally Wiglaf died
 55536 | Depths:1 | Your ally Wiglaf died
 55651 | Depths:1 | Found a gateway to Hell.
 55903 | Depths:1 | XOM: noise
 55904 | Depths:1 | XOM: enchant monster (bad)
 56152 | Depths:2 | XOM: medium Pois miscast
 56292 | Depths:2 | XOM: summons 9 friendly demons
 56296 | Depths:2 | Reached skill level 16 in Fighting
 56487 | Depths:2 | Noticed Nikola
 56495 | Depths:2 | XOM: stat loss: -1 Str (12/13)
 56495 | Depths:2 | Killed Nikola
 56716 | Depths:2 | Your ally Nikola died
 56831 | Depths:2 | XOM: torment (88/158 hp)
 56988 | Depths:2 | XOM: noise
 57088 | Depths:2 | XOM: repel stairs
 57248 | Depths:2 | XOM: medium Conj miscast
 57252 | Depths:2 | XOM: summons 11 hostile demons
 57360 | Depths:2 | XOM: silly message
 57365 | Depths:2 | XOM: noise
 57369 | Depths:2 | XOM: cast spell 'Conjure Ball Lightning'
 57414 | Depths:2 | XOM: 7-stop teleportation journey
 57481 | Depths:2 | XOM: harmless Summ miscast
 57548 | Depths:2 | Reached skill level 17 in Fighting
 57714 | Depths:2 | XOM: harmless Hex miscast
 57742 | Depths:2 | Got a smoking amber ring
 57742 | Depths:2 | XOM: cast spell 'Ice Form'
 57844 | Depths:2 | Identified the ring "Vaowk" {SustAt SInv} (You found it on level 2 of the Depths)
 57851 | Depths:2 | Identified the Catalogue of Enchantment
 57855 | Depths:2 | Got a smoking leather armour
 57866 | Depths:2 | Identified the cursed +1 leather armour of the Lobster {+Fly rC+ Int-2 Dex+6} (You found it on level 2 of the Depths)
 57938 | Depths:3 | XOM: medium Conj miscast
 58071 | Depths:3 | XOM: mild Erth miscast
 58114 | Depths:3 | Noticed a greater mummy
 58129 | Depths:3 | XOM: enchant monster (bad)
 58135 | Depths:3 | XOM: potion effect (invisibility)
 58188 | Depths:3 | XOM: mild Tloc miscast
 58335 | Depths:3 | Killed a greater mummy
 58335 | Depths:3 | Reached skill level 18 in Fighting
 58422 | Depths:3 | XOM: mild Summ miscast
 58446 | Depths:3 | XOM: harmless Air miscast
 58553 | Depths:3 | XOM: blink monster(s)
 58594 | Depths:3 | XOM: summons 4 hostile demons
 58674 | Depths:3 | XOM: enchant monster (bad)
 58676 | Depths:3 | XOM: summons 3 hostile shadow creatures
 58680 | Depths:3 | XOM: severe Air miscast
 58713 | Depths:3 | XOM: give mutations
 58713 | Depths:3 | Lost mutation: Your spells are harder to cast, but more powerful. [Xom's mischief]
 58713 | Depths:3 | Lost mutation: You can breathe flames. [Xom's mischief]
 58713 | Depths:3 | Lost mutation: Your mind is acute. (Int +2) [Xom's mischief]
 58713 | Depths:3 | Lost mutation: You are partially covered in molten scales (AC +1). [Xom's mischief]
 58729 | Depths:3 | Reached XP level 23. HP: 91/164 MP: 42/42
 58903 | Depths:3 | XOM: colour smoke trail
 58951 | Depths:3 | XOM: 1-stop teleportation journey
 58955 | Depths:3 | Noticed a greater mummy
 58961 | Depths:3 | Noticed a greater mummy
 58963 | Depths:3 | XOM: give mutations
 58963 | Depths:3 | Lost mutation: Your natural rate of healing is unusually fast. [Xom's mischief]
 58963 | Depths:3 | Lost mutation: Your spells are a little harder to cast, but a little more powerful. [Xom's mischief]
 58963 | Depths:3 | Lost mutation: You are resistant to electric shocks. [Xom's mischief]
 58963 | Depths:3 | Lost mutation: You are extremely resistant to the effects of hostile enchantments. [Xom's mischief]
 59068 | Depths:3 | Noticed Mennas
 59104 | Depths:3 | Learned a level 8 spell: Borgnjor's Revivification
 59104 | Depths:3 | XOM: mild Summ miscast
 59135 | Depths:3 | XOM: potion effect (might)
 59153 | Depths:3 | Killed Mennas
 59153 | Depths:3 | Reached skill level 7 in Armour
 59220 | Depths:3 | Reached skill level 8 in Armour
 59438 | Depths:3 | Killed a greater mummy
 59438 | Depths:3 | Reached skill level 9 in Armour
 59598 | Depths:3 | XOM: mild Necr miscast
 59637 | Depths:3 | Killed a greater mummy
 59637 | Depths:3 | Reached skill level 10 in Armour
 59705 | Depths:3 | XOM: mild Erth miscast
 60058 | Depths:3 | XOM: give mutations
 60058 | Depths:3 | Lost mutation: You have a pair of horns on your head. [Xom's mischief]
 60058 | Depths:3 | Lost mutation: You are robust (+10% HP). [Xom's mischief]
 60058 | Depths:3 | Lost mutation: You are very agile. (Dex +4) [Xom's mischief]
 60058 | Depths:3 | Gained mutation: You are frail (-10% HP). [Xom's mischief]
 60144 | Depths:3 | Found a one-way gate leading to the halls of Pandemonium.
 60299 | Depths:4 | XOM: enchant monster (bad)
 60319 | Depths:4 | HP: 34/151 [acid (9)]
 60320 | Depths:4 | Reached skill level 11 in Armour
 60492 | Depths:4 | XOM: fake destruction
 60494 | Depths:4 | XOM: enchant monster (bad)
 60507 | Depths:4 | XOM: stat loss: -1 Str (8/9)
 60519 | Depths:4 | XOM: god gift: 22 gold pieces
 60601 | Depths:4 | XOM: scenery: create altars
 60627 | Depths:4 | Got a crude scale mail
 60629 | Depths:4 | Identified the +1 scale mail of Wasted Space {*Confuse Regen+ Dex+3} (You found it on level 4 of the Depths)
 60661 | Depths:4 | Reached skill level 12 in Armour
 60663 | Depths:4 | HP: 36/151 [Executioner[a deep elf demonologist] (10)]
 60665 | Depths:4 | HP: 9/151 [Executioner[a deep elf demonologist] (22)]
 60938 | Depths:4 | Found a corrupted altar of Lugonu.
 60971 | Depths:4 | Found a gateway to a ziggurat.
 60975 | Depths:4 | XOM: confuse monster(s)
 61132 | Depths:4 | Reached skill level 13 in Armour
 61142 | Depths:4 | HP: 29/151 [iron dragon/spray of metal splinters (25)]
 61145 | Depths:4 | XOM: fake destruction
 61145 | Depths:4 | XOM: smoke on damage
 61156 | Depths:4 | HP: 18/151 [iron dragon/spray of metal splinters (35)]
 61615 | Depths:5 | Entered Level 5 of the Depths
 61632 | Depths:5 | XOM: fog
 61639 | Depths:5 | XOM: summons 2 friendly demons
 61651 | Depths:5 | Upgraded the game from 0.17-a0-2002-g92c7e20 to 0.17-a0-2014-g32cd421
 61793 | Depths:5 | XOM: divination: detect items
 62068 | Depths:5 | Reached skill level 14 in Armour
 62143 | Depths:5 | XOM: harmless Summ miscast
 62162 | Depths:5 | XOM: smoke on damage
 62333 | Depths:5 | XOM: summons friendly quasit
 62334 | Depths:5 | Found a gate to the Realm of Zot.
 62343 | Depths:5 | HP: 32/151 [golden dragon (27)]
 62418 | Depths:5 | XOM: harmless Necr miscast
 62543 | Depths:5 | Learned a level 8 spell: Necromutation
 62722 | Depths:5 | XOM: confuse monster(s)
 62885 | Depths:5 | XOM: mild Necr miscast
 62979 | Depths:5 | XOM: divination: detect creatures
 63088 | Depths:3 | XOM: harmless Divn miscast
 63342 | Vaults:3 | XOM: noise
 63385 | Crypt:1  | Entered Level 1 of the Crypt
 63404 | Crypt:1  | XOM: confuse monster(s)
 63647 | Crypt:1  | Reached XP level 24. HP: 143/143 MP: 32/42
 63802 | Crypt:1  | XOM: cast spell 'Discord'
 63809 | Crypt:1  | XOM: chaos upgrade
 63898 | Crypt:1  | XOM: harmless Fire miscast
 63935 | Crypt:1  | XOM: summons 3 hostile shadow creatures
 63962 | Crypt:1  | HP: 37/159 [golden dragon skeleton[Xom] (7)]
 64508 | Crypt:1  | Noticed Boris
 64514 | Crypt:1  | XOM: blink monster(s)
 64518 | Crypt:1  | Killed Boris
 64694 | Crypt:2  | Reached skill level 19 in Fighting
 64877 | Crypt:2  | XOM: mild Pois miscast
 64900 | Crypt:2  | Reached skill level 1 in Transmutations
 64920 | Crypt:2  | XOM: enchant monster (bad)
 64922 | Crypt:2  | Reached skill level 2 in Transmutations
 64927 | Crypt:2  | Reached skill level 3 in Transmutations
 64996 | Crypt:2  | Reached skill level 4 in Transmutations
 65279 | Crypt:2  | XOM: medium Tloc miscast
 65337 | Crypt:2  | XOM: scenery: 4 doors open, 1 doors close
 65441 | Crypt:3  | Entered Level 3 of the Crypt
 65516 | Crypt:3  | Reached skill level 5 in Transmutations
 65720 | Crypt:3  | XOM: potion effect (agility)
 65732 | Crypt:3  | Reached skill level 6 in Transmutations
 66156 | Crypt:3  | XOM: vitrification
 66208 | Crypt:3  | Reached skill level 7 in Transmutations
 66228 | Crypt:3  | XOM: god gift: scroll of enchant armour
 66332 | Crypt:3  | XOM: god gift: plate armour {god gift}
 66357 | Crypt:3  | Reached skill level 9 in Transmutations
 66357 | Crypt:3  | Reached XP level 25. HP: 148/148 MP: 17/42
 66539 | Crypt:3  | Found a staircase to the Tomb.
 66691 | Crypt:3  | XOM: divination: magic mapping
 66752 | Crypt:3  | Reached skill level 10 in Transmutations
 66857 | Crypt:3  | XOM: god gift: potion of curing
 66860 | Crypt:3  | XOM: 2-stop teleportation journey
 67117 | Crypt:3  | XOM: summons friendly iron imp
 67131 | Crypt:3  | Reached skill level 11 in Transmutations
 67162 | Crypt:3  | Got a scorched ring mail
 67163 | Crypt:3  | Identified the cursed +1 ring mail of Sin {+Blink rC- rCorr Int+2} (You found it on level 3 of the Crypt)
 67199 | Crypt:3  | XOM: cast spell 'Summon Butterflies'
 67242 | Crypt:3  | Learned a level 3 spell: Regeneration
 67289 | Crypt:3  | XOM: confuse monster(s)
 67361 | Crypt:3  | XOM: confuse monster(s)
 67371 | Crypt:3  | Reached skill level 12 in Transmutations
 67385 | Crypt:3  | XOM: swap monsters
 67580 | Crypt:3  | Found a basalt altar of Yredelemnul.
 67584 | Crypt:3  | XOM: summons 11 friendly demons
 67590 | Crypt:3  | XOM: enchant monster (bad)
 67598 | Crypt:3  | XOM: chaos cloud
 67600 | Crypt:3  | XOM: noise
 67621 | Crypt:3  | XOM: give mutations
 67621 | Crypt:3  | Lost mutation: You have a pair of small horns on your head. [Xom's mischief]
 67621 | Crypt:3  | Lost mutation: You are frail (-10% HP). [Xom's mischief]
 67872 | Crypt:3  | XOM: colour smoke trail
 68049 | Crypt:3  | Drew Focus: Int increased to 25, Str decreased to 8
 68057 | Crypt:3  | Hired Laukiag the putrid demonspawn for 632 gold.
 68180 | Crypt:1  | Your ally Laukiag died
 68189 | Crypt:1  | Reached skill level 13 in Transmutations
 68398 | D:13     | Learned a level 6 spell: Iron Shot
 68781 | Crypt:3  | XOM: harmless Ice miscast
 69024 | Vaults:4 | XOM: draining
 69095 | Vaults:5 | XOM: harmless Divn miscast
 69096 | Vaults:5 | XOM: polymorph shadow dragon -> iron dragon
 69107 | Vaults:5 | XOM: chaos upgrade
 69137 | Vaults:5 | Reached skill level 14 in Transmutations
 69153 | Vaults:5 | Got a wavering bone ring
 69154 | Vaults:5 | Identified the ring of Jyaxiats {+Inv MP+9 Str+3 Int+4} (You found it on level 5 of the Vaults)
 69166 | Vaults:5 | Reached skill level 1 in Earth Magic
 69196 | Vaults:5 | Got a silver rune of Zot
 69204 | Vaults:5 | Reached skill level 2 in Earth Magic
 69226 | Vaults:5 | Reached skill level 3 in Earth Magic
 69227 | Vaults:5 | Reached skill level 4 in Earth Magic
 69234 | Vaults:5 | Reached skill level 5 in Earth Magic
 69272 | Vaults:5 | XOM: colour smoke trail
 69283 | Vaults:5 | Reached skill level 6 in Earth Magic
 69327 | Vaults:5 | Reached skill level 7 in Earth Magic
 69349 | Vaults:5 | XOM: mild Divn miscast
 69355 | Vaults:5 | Reached skill level 8 in Earth Magic
 69357 | Vaults:5 | Noticed Jory
 69452 | Vaults:5 | XOM: medium Tloc miscast
 69475 | Vaults:5 | XOM: enchant monster (bad)
 69480 | Vaults:5 | Reached skill level 9 in Earth Magic
 69516 | Vaults:5 | XOM: summons 2 friendly demons
 69523 | Vaults:5 | Reached skill level 10 in Earth Magic
 69572 | Vaults:5 | XOM: noise
 69583 | Vaults:5 | XOM: silly message
 69594 | Vaults:5 | XOM: chaos upgrade
 69607 | Vaults:5 | XOM: god gift: 2 steel javelins
 69609 | Vaults:5 | Reached XP level 26. HP: 95/172 MP: 13/42
 69617 | Vaults:5 | XOM: enchant monster (good)
 69623 | Vaults:5 | XOM: summons 8 friendly demons
 69627 | Vaults:5 | Lost mutation: You are somewhat resistant to further mutation. [helix card]
 69628 | Vaults:5 | Hired Nitaim the naga for 164 gold.
 69635 | Vaults:5 | Your ally Nitaim died
 69639 | Vaults:5 | Reached skill level 11 in Earth Magic
 69650 | Vaults:5 | XOM: enchant monster (bad)
 69663 | Vaults:5 | XOM: potion effect (heal wounds)
 69671 | Vaults:5 | Reached skill level 12 in Earth Magic
 69682 | Vaults:5 | HP: 44/187 [titan (28)]
 69732 | Vaults:5 | XOM: noise
 69744 | Vaults:5 | XOM: mild Tloc miscast
 69763 | Vaults:5 | Reached skill level 13 in Earth Magic
 69786 | Vaults:5 | XOM: 1-stop teleportation journey
 69823 | Vaults:5 | XOM: summons 3 friendly demons
 69855 | Vaults:5 | XOM: destruction
 69866 | Vaults:5 | XOM: 2-stop teleportation journey
 69888 | Vaults:5 | XOM: summons friendly iron imp
 69900 | Vaults:5 | XOM: divination: magic mapping
 69915 | Vaults:5 | XOM: noise
 70035 | Vaults:5 | XOM: noise
 70091 | Vaults:5 | XOM: polymorph iron troll -> azure jelly
 70099 | Vaults:5 | XOM: polymorph deep elf sorcerer -> alligator snapping turtle
 70107 | Vaults:5 | Reached skill level 14 in Earth Magic
 70181 | Vaults:5 | Got an agate-encrusted ring mail
 70182 | Vaults:5 | Identified the cursed +1 ring mail of Orthodoxy {rF- rN+++ MR- SInv} (You found it on level 5 of the Vaults)
 70243 | Vaults:5 | HP: 43/187 [acid (9)]
 70285 | Vaults:5 | XOM: cast spell 'Statue Form'
 70335 | Vaults:5 | XOM: smoke on damage
 70343 | Vaults:5 | XOM: cast spell 'Beastly Appendage'
 70497 | Vaults:5 | XOM: cast spell 'Olgreb's Toxic Radiance'
 70499 | Vaults:5 | Killed Jory
 70499 | Vaults:5 | Reached skill level 15 in Earth Magic
 70558 | Vaults:5 | XOM: enchant monster (good)
 70658 | Vaults:5 | Noticed an ancient lich
 70659 | Vaults:5 | XOM: potion effect (brilliance)
 70663 | Vaults:5 | Killed an ancient lich
 70711 | Vaults:5 | Reached skill level 16 in Earth Magic
 70815 | Vaults:5 | XOM: confuse monster(s)
 70820 | Vaults:5 | HP: 46/187 [ettin/dire flail (25)]
 70834 | Vaults:5 | XOM: potion effect (berserk rage)
 70843 | Vaults:5 | XOM: cast spell 'Hydra Form'
 70866 | Vaults:5 | XOM: polymorph vault warden -> dire elephant
 70869 | Vaults:5 | HP: 59/243 [dire elephant (3)]
 70869 | Vaults:5 | HP: 25/243 [dire elephant (34)]
 70871 | Vaults:5 | HP: 7/187 [dire elephant (14)]
 70890 | Vaults:5 | XOM: god gift: meat ration
 70906 | Vaults:5 | XOM: harmless Hex miscast
 71070 | Vaults:5 | XOM: harmless Trmt miscast
 71165 | Vaults:5 | XOM: summons 2 friendly demons
 71196 | Vaults:5 | XOM: summons friendly crimson imp
 71208 | Vaults:5 | Reached skill level 17 in Earth Magic
 71425 | Vaults:5 | Got an encrusted scale mail
 71558 | Vaults:5 | Got a twitching steel ring
 71568 | Vaults:5 | Identified the ring of Otuczim {*Confuse rC++ MR+++ Stlth-} (You took it off a salamander stormcaller on level 5 of the Vaults)
 71570 | Vaults:5 | Identified the +4 scale mail "Kiufronk" {rPois Dex+7} (You took it off a vault guard on level 5 of the Vaults)
 71709 | Vaults:5 | XOM: noise
 71937 | Vaults:5 | Learned a level 6 spell: Haste
 72012 | Vaults:5 | Got a polished chain mail
 72078 | Vaults:5 | Identified the +1 chain mail of a Hundred Runes {rPois} (You found it on level 5 of the Vaults)
 72125 | Vaults:5 | XOM: mild Erth miscast
 72291 | Vaults:2 | XOM: colour smoke trail
 72366 | D:13     | XOM: harmless Divn miscast
 72521 | Slime:1  | Entered Level 1 of the Pits of Slime
 72566 | Slime:1  | XOM: silly message
 72575 | Slime:1  | XOM: silly message
 72993 | Slime:2  | XOM: noise
 73114 | Slime:2  | XOM: colour smoke trail
 73495 | Slime:3  | XOM: divination: magic mapping
 73527 | Slime:3  | Reached skill level 15 in Transmutations
 74734 | Depths:5 | XOM: scenery: 1 doors close
 74754 | Zot:1    | Entered Level 1 of the Realm of Zot
 74760 | Zot:1    | XOM: confuse monster(s)
 74808 | Zot:1    | XOM: divination: detect creatures
 74817 | Zot:1    | Reached XP level 27. HP: 163/168 MP: 29/42
 74929 | Zot:1    | XOM: confuse monster(s)
 75082 | Zot:1    | XOM: divination: magic mapping
 75094 | Zot:1    | XOM: polymorph black draconian -> catoblepas
 75175 | Zot:1    | XOM: enchant monster (good)
 75487 | Zot:1    | Reached skill level 16 in Transmutations
 75500 | Zot:1    | XOM: polymorph green draconian -> emperor scorpion
 75515 | Zot:1    | Reached skill level 21 in Necromancy
 75534 | Zot:1    | XOM: mild Trmt miscast
 75647 | Zot:1    | XOM: 2-stop teleportation journey
 75811 | Zot:1    | XOM: enchant monster (good)
 75819 | Zot:1    | HP: 28/183 [something/shard of ice (31)]
 75827 | Zot:1    | HP: 45/183 [something (19)]
 75836 | Zot:1    | XOM: cast spell 'Summon Butterflies'
 75836 | Zot:1    | HP: 42/183 [green draconian knight (6)]
 75841 | Zot:1    | HP: 40/183 [poisoned by a green draconian knight]
 75846 | Zot:1    | HP: 43/183 [poisoned by a green draconian knight]
 75929 | Depths:5 | XOM: draining
 76133 | Zot:1    | XOM: vitrification
 76240 | Zot:1    | XOM: 5-stop teleportation journey
 76508 | Zot:2    | XOM: polymorph shadow dragon -> sphinx
 76513 | Zot:2    | XOM: enchant monster (good)
 76517 | Zot:2    | XOM: summons 4 friendly demons
 76579 | Zot:2    | XOM: fog
 76607 | Zot:2    | XOM: smoke on damage
 76608 | Zot:2    | XOM: destruction
 76627 | Zot:2    | XOM: summons 2 friendly demons
 76728 | Zot:1    | XOM: cast spell 'Statue Form'
 76897 | Zot:2    | XOM: polymorph shadow dragon -> sphinx
 76974 | Zot:2    | XOM: confuse monster(s)
 77030 | Zot:2    | XOM: silly message
 77080 | Zot:2    | XOM: give mutations
 77080 | Zot:2    | Gained mutation: You are weak. (Str -2) [Xom's mischief]
 77080 | Zot:2    | Lost mutation: Your body sometimes deteriorates upon taking damage. [Xom's mischief]
 77080 | Zot:2    | Lost mutation: You are weak. (Str -2) [Xom's mischief]
 77080 | Zot:2    | Lost mutation: You are agile. (Dex +2) [Xom's mischief]
 77396 | Zot:2    | XOM: summons 7 friendly demons
 77404 | Zot:2    | XOM: enchant monster (bad)
 77452 | Zot:2    | Reached skill level 17 in Transmutations
 77577 | Zot:2    | XOM: silly message
 77668 | Zot:2    | XOM: colour smoke trail
 77702 | Zot:2    | XOM: give mutations
 77702 | Zot:2    | Gained mutation: Your spells are a little harder to cast, but a little more powerful. [Xom's grace]
 77702 | Zot:2    | Gained mutation: Your muscles are strong. (Str +2) [Xom's grace]
 77702 | Zot:2    | Gained mutation: Your system is resistant to poisons. [Xom's grace]
 77702 | Zot:2    | Gained mutation: You can translocate small distances at will. [Xom's grace]
 77708 | Zot:2    | Upgraded the game from 0.17-a0-2014-g32cd421 to 0.18-a0-1361-g9293dd1
 77774 | Zot:3    | Reached skill level 14 in Spellcasting
 78053 | Zot:3    | XOM: colour smoke trail
 78112 | Zot:3    | XOM: medium Tloc miscast
 78206 | Zot:3    | Got a heavily runed chain mail
 78207 | Zot:3    | Identified the +14 chain mail of Wolamp {Int+4} (You found it on level 3 of the Realm of Zot)
 78210 | Zot:3    | XOM: god gift: amulet of harm {god gift}
 78325 | Zot:3    | XOM: give mutations
 78325 | Zot:3    | Gained mutation: Your flesh is heat resistant. [Xom's grace]
 78325 | Zot:3    | Gained mutation: You have sharp toenails. [Xom's grace]
 78325 | Zot:3    | Gained mutation: You have a beak for a mouth. [Xom's grace]
 78325 | Zot:3    | Gained mutation: You are resistant to electric shocks. [Xom's grace]
 78457 | Zot:3    | XOM: divination: detect creatures
 78463 | Zot:3    | HP: 45/183 [yellow draconian monk/splash of acid (5)]
 78471 | Zot:3    | HP: 25/183 [something (23)]
 78521 | Zot:3    | XOM: silly message
 78674 | Zot:3    | HP: 39/184 [something (8)]
 78679 | Zot:3    | HP: 25/184 [poisoned by a green draconian knight]
 78684 | Zot:3    | HP: 25/184 [poisoned by a green draconian knight]
 78689 | Zot:3    | HP: 27/184 [poisoned by a green draconian knight]
 78695 | Zot:3    | HP: 33/184 [poisoned by a green draconian knight]
 78701 | Zot:3    | HP: 40/184 [poisoned by a green draconian knight]
 78706 | Zot:3    | HP: 42/184 [poisoned by a green draconian knight]
 78713 | Zot:3    | HP: 46/184 [poisoned by a green draconian knight]
 78978 | Zot:4    | XOM: chaos upgrade
 78982 | Zot:4    | XOM: destruction
 78983 | Zot:4    | HP: 46/184 [death cob (3)]
 78988 | Zot:4    | Identified a scroll of acquirement
 79102 | Zot:4    | XOM: summons friendly iron imp
 79115 | Zot:4    | XOM: confuse monster(s)
 79149 | Zot:4    | HP: 41/181 [red draconian zealot/divine providence (10)]
 79153 | Zot:4    | Quit the game

Vault maps used:
D:1:      dpeg_arrival_simpleton_b
D:2:      first_bread
D:3:      lemuel_zombie_altar_yredelemnul, gammafunk_temple_overflow_statue
D:4:      minmay_door_square, minmay_statues_item, uniq_grinder
D:5:      serial_shops, shop, gup_sewer_entry_bowl, uniq_pikel
D:6:      fedhas_altar_3, lightli_ossuary_entry_decrepit_ruins,
          nicolae_ru_path_of_blood
D:7:      kennysheep_little_box, overflow_temple_1_default,
          minmay_temple_entry_trees
D:8:      nicolae_dithmenos_through_a_glass_darkly, grunt_qazlal_sundering,
          serial_shops, shop, hangedman_pestilent_swarm, uniq_psyche,
          uniq_prince_ribbit1, uniq_maurice, uniq_erolcha
D:9:      xom_teletrap_fun, okawaru_ov_weapons_minmay, billiards_dpeg
D:10:     orc_0_dummy, nicolae_alphabet_shops
D:11:     david_lair_generic
D:12:     minmay_statue_bubble, uniq_josephine
D:13:     hangedman_vaults_entry_quadrant_bands, minmay_misc_feat_iff,
          corexii_checkpoint_a, guppyfry_shop_blood
D:14:     serial_shops, shop, minmay_crystal_room
D:15:     hangedman_depths_entry_try_elsewhere_first,
          nicolae_gozag_zags_fifth_avenue, serial_shops, shop
Lair:1:   nicolae_volcano_entry_s_turn, grunt_forest_large_clearings,
          infiniplex_staircase_pool_2, serial_bayou_shore_a
Lair:2:   minivault_27, cheibrodos_lair_reptile_den
Lair:3:   beast_lair_carwin_large_3, lemuel_fruit_fields
Lair:4:   dpeg_oklob_gauntlet, minmay_snake_entry_guardpost_small
Lair:6:   elwin_shoals_entry_rocks, slime_altar_1, hibernation_bobbens
Lair:7:   beast_lair_carwin_large_1, grunt_megastairs_2, lemuel_fruit_fields,
          lemuel_fruit_tree
Lair:8:   evilmike_catoblepas_cave, st_stairs_7, lemuel_fruit_fields
Shoals:2: uniq_polyphemus
Shoals:3: uniq_kirke
Shoals:4: shoals_end_simple, shoal_ilsuiw
Snake:2:  grunt_megastairs_1
Snake:3:  st_stairs_3
Snake:4:  minmay_snake_end_coiled, uniq_aizul
Orc:1:    uniq_snorg
Orc:2:    serial_shops, nicolae_shop_crystal, uniq_urug, uniq_rupert
Orc:3:    nicolae_orc_pool_cavern, uniq_harold
Orc:4:    grunt_orc_tribal_feast, lab_entry_generic
Elf:1:    hangedman_cross_veins, portal_ice_cave_entry_horrid_things,
          serial_shops, shop, orc_legates, serial_sigils_hangedman_shear,
          uniq_roxanne
Elf:2:    serial_shops, shop, shop_fountains
Elf:3:    minmay_elf_hall
Vaults:1: vaults_mumra_lcd, v_misc_11, vaults_room_pool, grunt_vaults_focal,
          st_more_cells, nicolae_vaults_yaktaur_gun_rack, vaults_room_hallway,
          v_rooms_6, nicolae_vaults_triangles, hangedman_vaults_cutoff,
          vaults_room_stairs_pillars, nicolae_trove_entry_free_sample
Vaults:2: nicolae_vaults_windows_and_doors_thing,
          nicolae_vaults_twisting_passages, v_misc_28,
          nicolae_vaults_little_squares_2, ontoclasm_vaults_gateway,
          v_pattern_4, hangedman_vaults_variations,
          nicolae_vaults_stairing_the_circle, stair_cage_open, serial_shops,
          shop
Vaults:3: minmay_crypt_entry_simple_sparse, kennysheep_vaults_gozag_temple,
          vaults_room_mumra_shop_pool, v_rooms_1, v_misc_5,
          nicolae_vaults_little_squares_3, v_misc_29, v_misc_17,
          grunt_vaults_funnel, hangedman_vaults_trim
Vaults:4: hangedman_vaults_snaps, vaults_room_large_hall,
          hangedman_vaults_capsules, v_misc_25
Vaults:5: serial_shops, uniq_jory
Crypt:1:  uniq_boris
Crypt:3:  evilmike_haunted_forest
Depths:1: grunt_hell_horde, abyss_entry, hangedman_decor_lopped,
          patterned_corridor, grunt_megastairs_4, uniq_wiglaf
Depths:2: gold_lair_mu, grunt_decor_fettered, hell_entry, special_room,
          abyss_entry, minmay_staircase_statues, kennysheep_random_hallway,
          uniq_nikola
Depths:3: ragdoll_tomb_raider, hangedman_abyss_entry_splay,
          rand_demon_pan_entry_4, hell_entry, dk_noncrumbling_3, minivault_1,
          bh_walls_and_bars, minmay_staircase_windowed_large, uniq_mennas
Depths:4: minmay_diamond_stairs, enter_ziggurat_a, grunt_pan_entry_zigzag,
          minmay_fountain_box, hell_entry, abyss_entry_flame_altar,
          item_on_display_a, infiniplex_staircase_x
Depths:5: grunt_zot_entry_bicorn, abyss_entry, hangedman_glass_teeth,
          grunt_hell_entry_dis_mu, basic_stair_grate_trap
Zot:1:    hangedman_snake_sidewinding
Zot:4:    kennysheep_underground_church
Lab:      labyrinth_mini_lab, labyrinth_glass_1
Sewer:    sewer_frog_island_01
Ossuary:  minmay_ossuary_two_tombs
IceCv:    ice_cave_caverns_03
Volcano:  volcano_tomb

Action                   |  1- 3 |  4- 6 |  7- 9 | 10-12 | 13-15 | 16-18 | 19-21 | 22-24 | 25-27 || total
-------------------------+-------+-------+-------+-------+-------+-------+-------+-------+-------++-------
Melee: Short sword       |   141 |       |       |       |       |       |       |       |       ||   141
       Rapier            |       |   133 |   523 |  1099 |  1650 |  1460 |   312 |       |       ||  5177
       Unarmed           |       |       |       |       |    37 |    34 |       |       |     4 ||    75
       Katana            |       |       |       |       |       |       |   771 |  1474 |  1859 ||  4104
       Scimitar          |       |       |       |       |       |       |       |       |    30 ||    30
 Cast: Animate Dead      |       |       |       |       |    51 |    54 |    53 |    45 |     1 ||   204
       Death Channel     |       |       |       |       |     4 |    26 |    23 |    28 |    34 ||   115
       Spectral Weapon   |       |       |       |       |     2 |    73 |    64 |    48 |   100 ||   287
       Bolt of Draining  |       |       |       |       |       |    16 |    30 |    14 |    21 ||    81
       Repel Missiles    |       |       |       |       |       |       |     8 |     4 |     6 ||    18
       Dispel Undead     |       |       |       |       |       |       |     8 |   125 |    84 ||   217
       Regeneration      |       |       |       |       |       |       |       |       |    47 ||    47
       Haste             |       |       |       |       |       |       |       |       |     3 ||     3
       Iron Shot         |       |       |       |       |       |       |       |       |     2 ||     2
       Borgnjor's Revivi |       |       |       |       |       |       |       |       |     1 ||     1
 Abil: Breathe Fire      |       |       |       |       |     1 |       |     6 |       |       ||     7
Evoke: Wand              |     1 |     3 |    12 |     5 |    13 |    19 |     6 |    17 |    22 ||    98
       Sack of spiders   |       |       |       |       |     2 |     1 |     1 |       |       ||     4
       Deck              |       |       |       |       |     5 |       |       |       |    12 ||    17
       Lamp of fire      |       |       |       |       |       |     1 |       |       |       ||     1
  Use: Scroll            |     1 |    14 |    16 |    18 |    24 |    19 |    16 |    14 |    28 ||   150
       Potion            |       |     1 |     3 |     5 |     8 |     9 |     4 |    11 |    13 ||    54
 Stab: Sleeping          |     2 |       |       |     5 |    82 |    55 |    18 |    26 |    14 ||   202
       Paralysed         |     2 |       |     2 |       |     1 |     1 |       |       |       ||     6
       Confused          |       |     1 |     3 |     4 |     5 |     7 |     2 |     6 |    28 ||    56
       Distracted        |       |       |       |     2 |    20 |    44 |    45 |    44 |    58 ||   213
       Petrifying        |       |       |       |       |     2 |       |       |       |       ||     2
       Invisible         |       |       |       |       |     2 |       |       |     3 |       ||     5
       Held in net/web   |       |       |       |       |       |     1 |       |       |       ||     1
  Eat: Chunk             |     3 |     8 |    12 |    27 |    27 |     9 |    17 |    20 |    12 ||   135
       Pizza             |       |       |     1 |       |     3 |     4 |       |       |     1 ||     9
       Beef jerky        |       |       |       |     1 |     6 |     4 |     4 |       |       ||    15
       Royal jelly       |       |       |       |       |     7 |     8 |     3 |    13 |     3 ||    34
       Fruit             |       |       |       |       |     1 |     1 |     1 |     8 |     2 ||    13
       Meat ration       |       |       |       |       |       |     2 |     1 |       |    10 ||    13
       Bread ration      |       |       |       |       |       |     2 |     1 |     1 |     2 ||     6

Vault maps used:
D:1:      dpeg_arrival_simpleton_b
D:2:      first_bread
D:3:      lemuel_zombie_altar_yredelemnul, gammafunk_temple_overflow_statue
D:4:      minmay_door_square, minmay_statues_item, uniq_grinder
D:5:      serial_shops, shop, gup_sewer_entry_bowl, uniq_pikel
D:6:      fedhas_altar_3, lightli_ossuary_entry_decrepit_ruins,
          nicolae_ru_path_of_blood
D:7:      kennysheep_little_box, overflow_temple_1_default,
          minmay_temple_entry_trees
D:8:      nicolae_dithmenos_through_a_glass_darkly, grunt_qazlal_sundering,
          serial_shops, shop, hangedman_pestilent_swarm, uniq_psyche,
          uniq_prince_ribbit1, uniq_maurice, uniq_erolcha
D:9:      xom_teletrap_fun, okawaru_ov_weapons_minmay, billiards_dpeg
D:10:     orc_0_dummy, nicolae_alphabet_shops
D:11:     david_lair_generic
D:12:     minmay_statue_bubble, uniq_josephine
D:13:     hangedman_vaults_entry_quadrant_bands, minmay_misc_feat_iff,
          corexii_checkpoint_a, guppyfry_shop_blood
D:14:     serial_shops, shop, minmay_crystal_room
D:15:     hangedman_depths_entry_try_elsewhere_first,
          nicolae_gozag_zags_fifth_avenue, serial_shops, shop
Lair:1:   nicolae_volcano_entry_s_turn, grunt_forest_large_clearings,
          infiniplex_staircase_pool_2, serial_bayou_shore_a
Lair:2:   minivault_27, cheibrodos_lair_reptile_den
Lair:3:   beast_lair_carwin_large_3, lemuel_fruit_fields
Lair:4:   dpeg_oklob_gauntlet, minmay_snake_entry_guardpost_small
Lair:6:   elwin_shoals_entry_rocks, slime_altar_1, hibernation_bobbens
Lair:7:   beast_lair_carwin_large_1, grunt_megastairs_2, lemuel_fruit_fields,
          lemuel_fruit_tree
Lair:8:   evilmike_catoblepas_cave, st_stairs_7, lemuel_fruit_fields
Shoals:2: uniq_polyphemus
Shoals:3: uniq_kirke
Shoals:4: shoals_end_simple, shoal_ilsuiw
Snake:2:  grunt_megastairs_1
Snake:3:  st_stairs_3
Snake:4:  minmay_snake_end_coiled, uniq_aizul
Orc:1:    uniq_snorg
Orc:2:    serial_shops, nicolae_shop_crystal, uniq_urug, uniq_rupert
Orc:3:    nicolae_orc_pool_cavern, uniq_harold
Orc:4:    grunt_orc_tribal_feast, lab_entry_generic
Elf:1:    hangedman_cross_veins, portal_ice_cave_entry_horrid_things,
          serial_shops, shop, orc_legates, serial_sigils_hangedman_shear,
          uniq_roxanne
Elf:2:    serial_shops, shop, shop_fountains
Elf:3:    minmay_elf_hall
Vaults:1: vaults_mumra_lcd, v_misc_11, vaults_room_pool, grunt_vaults_focal,
          st_more_cells, nicolae_vaults_yaktaur_gun_rack, vaults_room_hallway,
          v_rooms_6, nicolae_vaults_triangles, hangedman_vaults_cutoff,
          vaults_room_stairs_pillars, nicolae_trove_entry_free_sample
Vaults:2: nicolae_vaults_windows_and_doors_thing,
          nicolae_vaults_twisting_passages, v_misc_28,
          nicolae_vaults_little_squares_2, ontoclasm_vaults_gateway,
          v_pattern_4, hangedman_vaults_variations,
          nicolae_vaults_stairing_the_circle, stair_cage_open, serial_shops,
          shop
Vaults:3: minmay_crypt_entry_simple_sparse, kennysheep_vaults_gozag_temple,
          vaults_room_mumra_shop_pool, v_rooms_1, v_misc_5,
          nicolae_vaults_little_squares_3, v_misc_29, v_misc_17,
          grunt_vaults_funnel, hangedman_vaults_trim
Vaults:4: hangedman_vaults_snaps, vaults_room_large_hall,
          hangedman_vaults_capsules, v_misc_25
Vaults:5: serial_shops, uniq_jory
Crypt:1:  uniq_boris
Crypt:3:  evilmike_haunted_forest
Depths:1: grunt_hell_horde, abyss_entry, hangedman_decor_lopped,
          patterned_corridor, grunt_megastairs_4, uniq_wiglaf
Depths:2: gold_lair_mu, grunt_decor_fettered, hell_entry, special_room,
          abyss_entry, minmay_staircase_statues, kennysheep_random_hallway,
          uniq_nikola
Depths:3: ragdoll_tomb_raider, hangedman_abyss_entry_splay,
          rand_demon_pan_entry_4, hell_entry, dk_noncrumbling_3, minivault_1,
          bh_walls_and_bars, minmay_staircase_windowed_large, uniq_mennas
Depths:4: minmay_diamond_stairs, enter_ziggurat_a, grunt_pan_entry_zigzag,
          minmay_fountain_box, hell_entry, abyss_entry_flame_altar,
          item_on_display_a, infiniplex_staircase_x
Depths:5: grunt_zot_entry_bicorn, abyss_entry, hangedman_glass_teeth,
          grunt_hell_entry_dis_mu, basic_stair_grate_trap
Zot:1:    hangedman_snake_sidewinding
Zot:4:    kennysheep_underground_church
Lab:      labyrinth_mini_lab, labyrinth_glass_1
Sewer:    sewer_frog_island_01
Ossuary:  minmay_ossuary_two_tombs
IceCv:    ice_cave_caverns_03
Volcano:  volcano_tomb

Table legend:
 A = Turns spent in this place as a percentage of turns spent in the entire game.
 B = Non-inter-level travel turns spent in this place as a percentage of non-inter-level travel turns spent in the entire game.
 C = Inter-level travel turns spent in this place as a percentage of turns spent in this place.
 D = Turns resting spent in this place as a percentage of non-inter-level travel turns spent in this place.
 E = Turns spent auto-exploring this place as a percentage of non-inter-level travel turns spent in this place.
 F = Non-inter-level travel turns spent in this place divided by the number of levels of this place that you've seen.
                   A       B       C       D       E      F
               +-------+-------+-------+-------+-------+----------------------
         Total | 100.0 | 100.0 |   0.5 |   1.5 |   4.3 | 648.9
       Dungeon |  16.6 |  16.5 |   0.7 |   2.1 |   7.9 | 451.0
          Lair |  11.3 |  11.3 |   0.6 |   1.2 |   3.4 | 577.1
        Shoals |   4.3 |   4.3 |   0.5 |   0.7 |   1.8 | 439.2
     Snake Pit |   8.3 |   8.4 |   0.2 |   1.0 |   3.7 | 855.5
    Slime Pits |   1.7 |   1.7 |   0.7 |   2.7 |   3.6 | 225.0
  Orcish Mines |   3.8 |   3.8 |   1.0 |   0.2 |   7.2 | 384.0
   Elven Halls |  10.6 |  10.6 |   0.3 |   2.8 |   2.1 | 1442.7
        Vaults |  14.6 |  14.6 |   0.4 |   0.7 |   5.0 | 1195.0
         Crypt |   6.0 |   6.0 |   0.7 |   1.1 |   4.4 | 819.7
        Depths |  12.2 |  12.2 |   0.4 |   1.5 |   3.5 | 996.8
           Zot |   6.3 |   6.3 |   0.1 |   1.0 |   3.3 | 648.5
     Labyrinth |   0.7 |   0.7 |   0.0 |   0.0 |   0.0 | 298.0
         Sewer |   0.5 |   0.5 |   0.0 |   1.0 |   2.5 | 203.0
       Ossuary |   0.9 |   0.9 |   0.0 |   0.0 |   2.7 | 375.0
      Ice Cave |   1.8 |   1.8 |   0.0 |   5.4 |   0.3 | 744.0
       Volcano |   0.4 |   0.4 |   0.0 |   0.0 |   0.0 | 147.0
               +-------+-------+-------+-------+-------+----------------------

Table legend:
 A = Kills in this place as a percentage of kills in entire the game.
 B = Kills by you in this place as a percentage of kills by you in the entire game.
 C = Kills by friends in this place as a percentage of kills by friends in the entire game.
 D = Other kills in this place as a percentage of other kills in the entire game.
 E = Experience gained in this place as a percentage of experience gained in the entire game.
 F = Experience gained in this place divided by the number of levels of this place that you have seen.
                   A       B       C       D       E      F
               +-------+-------+-------+-------+-------+----------------------
         Total | 100.0 | 100.0 | 100.0 | 100.0 | 100.0 | 21817.8
       Dungeon |  16.0 |  18.8 |   2.3 |  15.8 |   4.7 | 4314.4
          Lair |  10.3 |  11.3 |   5.8 |   0.0 |   3.7 | 6424.5
        Shoals |   4.3 |   2.7 |  11.7 |  10.5 |   3.2 | 11001.8
     Snake Pit |   7.3 |   6.4 |  12.1 |   0.0 |   7.0 | 23953.5
    Slime Pits |   2.3 |   2.7 |   0.0 |   5.3 |   2.2 | 10026.0
  Orcish Mines |   7.1 |   6.4 |  10.9 |   0.0 |   1.3 | 4389.8
   Elven Halls |   8.1 |   9.1 |   3.3 |   5.3 |  10.1 | 46202.7
        Vaults |  17.1 |  15.6 |  24.1 |  31.6 |  25.1 | 69020.8
         Crypt |   6.5 |   7.6 |   1.2 |   0.0 |   9.0 | 41038.3
        Depths |  13.4 |  11.3 |  23.5 |  10.5 |  22.2 | 61056.4
           Zot |   4.1 |   4.1 |   3.9 |  10.5 |  10.8 | 37218.0
     Labyrinth |   0.0 |   0.0 |   0.2 |   0.0 |   0.1 | 810.0
         Sewer |   0.7 |   0.8 |   0.0 |   0.0 |   0.0 | 218.0
       Ossuary |   1.4 |   1.4 |   1.0 |  10.5 |   0.0 | 355.0
      Ice Cave |   1.4 |   1.7 |   0.0 |   0.0 |   0.6 | 8351.0
       Volcano |   0.1 |   0.2 |   0.0 |   0.0 |   0.0 | 236.0
               +-------+-------+-------+-------+-------+----------------------
